Workbook
Name AMAZONAS: 'ListasDpto-Mpio'!$C$2:$C$13
Name ANTIOQUIA: 'ListasDpto-Mpio'!$D$2:$D$127
Name ARAUCA: 'ListasDpto-Mpio'!$E$2:$E$9
Name ATLÁNTICO: 'ListasDpto-Mpio'!$F$2:$F$25
Name BOGOTÁ_D.C.: 'ListasDpto-Mpio'!$G$2:$G$23
Name BOLÍVAR: 'ListasDpto-Mpio'!$H$2:$H$48
Name BOYACÁ: 'ListasDpto-Mpio'!$I$2:$I$125
Name CALDAS: 'ListasDpto-Mpio'!$J$2:$J$29
Name CAQUETÁ: 'ListasDpto-Mpio'!$K$2:$K$18
Name CASANARE: 'ListasDpto-Mpio'!$L$2:$L$21
Name CAUCA: 'ListasDpto-Mpio'!$M$2:$M$44
Name CESAR: 'ListasDpto-Mpio'!$N$2:$N$27
Name CHOCÓ: 'ListasDpto-Mpio'!$O$2:$O$33
Name CÓRDOBA: 'ListasDpto-Mpio'!$P$2:$P$32
Name CUNDINAMARCA: 'ListasDpto-Mpio'!$Q$2:$Q$118
Name DEPARTAMENTO: 'ListasDpto-Mpio'!$A$3:$A$36
Name DEPeseldt1: Integrante_2!$I$20
Name DEPeseldt1: Integrante_3!$I$20
Name DEPeseldt1: Integrante_4!$I$20
Name DEPeseldt1: Integrante_5!$I$20
Name DEPeseldt1: Integrante_6!$I$20
Name DEPeseldt1: Integrante_1!$I$20
Name DEPeseldt10: Integrante_2!$I$29
Name DEPeseldt10: Integrante_3!$I$29
Name DEPeseldt10: Integrante_4!$I$29
Name DEPeseldt10: Integrante_5!$I$29
Name DEPeseldt10: Integrante_6!$I$29
Name DEPeseldt10: Integrante_1!$I$29
Name DEPeseldt11: Integrante_2!$I$30
Name DEPeseldt11: Integrante_3!$I$30
Name DEPeseldt11: Integrante_4!$I$30
Name DEPeseldt11: Integrante_5!$I$30
Name DEPeseldt11: Integrante_6!$I$30
Name DEPeseldt11: Integrante_1!$I$30
Name DEPeseldt12: Integrante_2!$I$31
Name DEPeseldt12: Integrante_3!$I$31
Name DEPeseldt12: Integrante_4!$I$31
Name DEPeseldt12: Integrante_5!$I$31
Name DEPeseldt12: Integrante_6!$I$31
Name DEPeseldt12: Integrante_1!$I$31
Name DEPeseldt13: Integrante_2!$I$32
Name DEPeseldt13: Integrante_3!$I$32
Name DEPeseldt13: Integrante_4!$I$32
Name DEPeseldt13: Integrante_5!$I$32
Name DEPeseldt13: Integrante_6!$I$32
Name DEPeseldt13: Integrante_1!$I$32
Name DEPeseldt14: Integrante_2!$I$33
Name DEPeseldt14: Integrante_3!$I$33
Name DEPeseldt14: Integrante_4!$I$33
Name DEPeseldt14: Integrante_5!$I$33
Name DEPeseldt14: Integrante_6!$I$33
Name DEPeseldt14: Integrante_1!$I$33
Name DEPeseldt15: Integrante_2!$I$34
Name DEPeseldt15: Integrante_3!$I$34
Name DEPeseldt15: Integrante_4!$I$34
Name DEPeseldt15: Integrante_5!$I$34
Name DEPeseldt15: Integrante_6!$I$34
Name DEPeseldt15: Integrante_1!$I$34
Name DEPeseldt16: Integrante_2!$I$35
Name DEPeseldt16: Integrante_3!$I$35

Sheet Integrante_1
C2: MANIFESTACIÓN DE INTERÉS PARA LA SELECCIÓN DE OFERENTES EN CONTRATOS DE APORTE DE SERVICIOS DE ATENCIÓN A LA PRIMERA INFANCIA | L2: DOCUMENTO EN REVISIÓN | N2: FECH A PENDIENTE
L3: Versión 1 | N3: Página 1 de 3
L4: Clasificación de la Información: Pública | P4: =NOW() -> 44194.997
A6: VÍNCULOS
B8: =HYPERLINK("#Integrante_1!B20","IDENTIFICACIÓN DEL OFERENTE") -> IDENTIFICACIÓN DEL OFERENTE | E8: =HYPERLINK("#Integrante_1!A109","CAPACIDAD RESIDUAL") -> CAPACIDAD RESIDUAL | I8: =HYPERLINK("#Integrante_1!N162","DISCAPACIDAD") -> DISCAPACIDAD | K8: =HYPERLINK("#Integrante_1!A188","TRAYECTORIA") -> TRAYECTORIA
B9: =HYPERLINK("#Integrante_1!I20","DATOS CONTRATO INVITACIÓN") -> DATOS CONTRATO INVITACIÓN | E9: =HYPERLINK("#Integrante_1!A162","TALENTO HUMANO") -> TALENTO HUMANO | I9: =HYPERLINK("#Integrante_1!B176","CONTRAPARTIDA ADICIONAL") -> CONTRAPARTIDA ADICIONAL | K9: =HYPERLINK("#Integrante_1!A199","ACEPTACIÓN") -> ACEPTACIÓN
B10: =HYPERLINK("#Integrante_1!B48","EXPERIENCIA TERRITORIAL") -> EXPERIENCIA TERRITORIAL | E10: =HYPERLINK("#Integrante_1!F162","INFRAESTRUCTURA") -> INFRAESTRUCTURA | I10: =HYPERLINK("#Integrante_1!L176","VALOR TÉCNICO AGREGADO") -> VALOR TÉCNICO AGREGADO
C14: DP_Asunto_ManifestacionInteres_No
B15: Asunto: Manifestación de interés No | C15: 2021-44-44001312020 | G15: Regional ICBF: | H15: LA GUAJIRA | I15: Tipo de Oferente: | J15: Plural | L15: % participación | N15: 0.8
A17: IDENTIFICACIÓN DEL OFERENTE | H17: DATOS CONTRATO DE LA INVITACIÓN
B19: NIT (Sin dígito de verificación): | E19: NIT UT o Consorcio | H19: Datos básicos del contrato relacionado con la Manifestación de interés del Asunto | I19: Departamento | J19: Municipio | K19: Valor invitación | L19: Fecha inicio | M19: Fecha final | N19: Tiempo ejecución (meses)
B20: 900922079 | E20: Nombre UT o Consorcio | F20: UT CRECIENDO JUNTOS POR LA INFANCIA | I20: LA_GUAJIRA | J20: MANAURE | K20: 3999356160 | L20: 44194 | M20: 44561 | N20: =+(M20-L20)/30 -> 12.233333 | V20: =NOW() -> 44194.997 | W20: =NOW() -> 44194.997
N21: =+(M21-L21)/30 -> 0
N22: =+(M22-L22)/30 -> 0
N23: =+(M23-L23)/30 -> 0
N24: =+(M24-L24)/30 -> 0
N25: =+(M25-L25)/30 -> 0
N26: =+(M26-L26)/30 -> 0
N27: =+(M27-L27)/30 -> 0
N28: =+(M28-L28)/30 -> 0
N29: =+(M29-L29)/30 -> 0
N30: =+(M30-L30)/30 -> 0
N31: =+(M31-L31)/30 -> 0
N32: =+(M32-L32)/30 -> 0
... N35: =+(M35-L35)/30 -> 0
B37: Razón Social:
B38: =VLOOKUP(B20,EAS!A2:B1439,2,0) -> FUNDACION PARA EL DESARROLLO MULTICULTURAL FUNDACOL | I38: Objeto del contrato
I39: Prestar los servicios de educación inicial en el marco de la atención integral en la Modalidad Propia e Intercultural para grupos étnicos y comunidades rurales y rurales dispersas, respondiendo a las características propias de los territorios y comunidades, de conformidad con el Manual Operativo de la Modalidad Propia e Intercultural, el Lineamiento Técnico para la Atención a la Primera Infancia y las directrices establecidas por el ICBF, en armonía con la Política de Estado para el Desarrollo Integral de la Primera Infancia de Cero a Siempre.
A41: REGISTRO DE INFORMACIÓN PARA CADA UNO DE LOS CRITERIOS DE LA MANIFESTACIÓN DE INTERÉS
A43: EXPERIENCIA TERRITORIAL
A44: En esta sección se registrará la información que corresponde a la Experiencia del Oferente y deberá adjuntar la declaración juramentada suscrita por el representante legal, en la cual relacione los contratos ejecutados y terminados con el sector público y privado.
I46: Lugar de ejecución
A47: No. | B47: Entidad contratante | C47: Sector | D47: Número de contrato | E47: Fecha Inicio (dd/mm/aaaa) | F47: Fecha terminación (dd/mm/aaaa) | G47: Experiencia (meses) | H47: Objeto del contrato | I47: Departamento | J47: Municipio | K47: Valor del contrato | L47: Unión Temporal / Consorcio | M47: % participación | N47: Estado | O47: Experiencia Registrada para habilitación en banco
A48: 1 | B48: FUNDACION SOL GUAJIRO | C48: Privado | D48: 001 | E48: 37662 | F48: 37966 | G48: =IF(AND(E48<>"",F48<>""),((F48-E48)/30),"") -> 10.133333 | H48: Atención integral a los niños en la primera infancia en condiciones de vulnerabilidad en el departamento de La Guajira en los municipios de Manaure y Uribia. | I48: LA_GUAJIRA | J48: MANAURE | K48: 6520000 | L48: No | M48: 1 | N48: Terminado | O48: NO
A49: 2 | B49: FUNDACION SOL GUAJIRO | C49: Privado | D49: 001 | E49: 37998 | F49: 38331 | G49: =IF(AND(E49<>"",F49<>""),((F49-E49)/30),"") -> 11.1 | H49: Atención integral a los niños en la primera infancia en condiciones de vulnerabilidad en el departamento de La Guajira en los municipios de Manaure y Uribia. | I49: LA_GUAJIRA | J49: MANAURE | K49: 8635000 | L49: No | M49: 1 | N49: Terminado | O49: NO
A50: 3 | B50: FUNDACION SOL GUAJIRO | C50: Privado | D50: 001 | E50: 38370 | F50: 38702 | G50: =IF(AND(E50<>"",F50<>""),((F50-E50)/30),"") -> 11.066667 | H50: Atención integral a los niños en la primera infancia en condiciones de vulnerabilidad en el departamento de La Guajira en los municipios de Manaure y Uribia. | I50: LA_GUAJIRA | J50: MANAURE | K50: 10828000 | L50: No | M50: 1 | N50: Terminado | O50: NO
A51: 4 | B51: FUNDACION SOL GUAJIRO | C51: Privado | D51: 001 | E51: 38755 | F51: 39059 | G51: =IF(AND(E51<>"",F51<>""),((F51-E51)/30),"") -> 10.133333 | H51: Atención integral a los niños en la primera infancia en condiciones de vulnerabilidad en el departamento de La Guajira en los municipios de Manaure y Uribia. | I51: LA_GUAJIRA | J51: MANAURE | K51: 12256000 | L51: No | M51: 1 | N51: Terminado | O51: NO
A52: 5 | B52: FUNDACION SOL GUAJIRO | C52: Privado | D52: 001 | E52: 39099 | F52: 39430 | G52: =IF(AND(E52<>"",F52<>""),((F52-E52)/30),"") -> 11.033333 | H52: Atención integral a los niños en la primera infancia en condiciones de vulnerabilidad en el departamento de La Guajira en los municipios de Manaure y Uribia. | I52: LA_GUAJIRA | J52: MANAURE | K52: 14447000 | L52: No | M52: 1 | N52: Terminado | O52: NO
A53: 6 | B53: FUNDACION SOL GUAJIRO | C53: Privado | D53: 001 | E53: 39489 | F53: 39801 | G53: =IF(AND(E53<>"",F53<>""),((F53-E53)/30),"") -> 10.4 | H53: Atención integral a los niños en la primera infancia en condiciones de vulnerabilidad en el departamento de La Guajira en los municipios de Manaure y Uribia. | I53: LA_GUAJIRA | J53: MANAURE | K53: 15069000 | L53: No | M53: 1 | N53: Terminado | O53: NO
A54: 7 | B54: FUNDACION SOL GUAJIRO | C54: Privado | D54: 001 | E54: 39825 | F54: 40158 | G54: =IF(AND(E54<>"",F54<>""),((F54-E54)/30),"") -> 11.1 | H54: Atención integral a los niños en la primera infancia en condiciones de vulnerabilidad en el departamento de La Guajira en los municipios de Manaure y Uribia. | I54: LA_GUAJIRA | J54: MANAURE | K54: 10828000 | L54: No | M54: 1 | N54: Terminado | O54: NO
A55: 8 | G55: =IF(AND(E55<>"",F55<>""),((F55-E55)/30),"")
A56: 9 | G56: =IF(AND(E56<>"",F56<>""),((F56-E56)/30),"")
A57: 10 | G57: =IF(AND(E57<>"",F57<>""),((F57-E57)/30),"")
A58: 11 | G58: =IF(AND(E58<>"",F58<>""),((F58-E58)/30),"")
A59: 12 | G59: =IF(AND(E59<>"",F59<>""),((F59-E59)/30),"")
A60: 13 | G60: =IF(AND(E60<>"",F60<>""),((F60-E60)/30),"")
A61: 14 | G61: =IF(AND(E61<>"",F61<>""),((F61-E61)/30),"")
A62: 15 | G62: =IF(AND(E62<>"",F62<>""),((F62-E62)/30),"")
A63: 16 | G63: =IF(AND(E63<>"",F63<>""),((F63-E63)/30),"")
A64: 17 | G64: =IF(AND(E64<>"",F64<>""),((F64-E64)/30),"")
A65: 18 | G65: =IF(AND(E65<>"",F65<>""),((F65-E65)/30),"")
A66: 19 | G66: =IF(AND(E66<>"",F66<>""),((F66-E66)/30),"")
... A107: 60 | G107: =IF(AND(E107<>"",F107<>""),((F107-E107)/30),"")
O108: =HYPERLINK("#Integrante_1!A1","INICIO") -> INICIO
A109: CAPACIDAD RESIDUAL
A110: En esta sección se registrará la información que corresponde a la Experiencia del Oferente de los contratos que se encuentren en ejecución. Este requisito se verificará a través de una declaración juramentada suscrita por el representante legal, en la cual reporte los contratos que se encuentren en ejecución con el ICBF.
I112: Lugar de ejecución
A113: No. | B113: Entidad contratante | C113: Sector | D113: Número de contrato | E113: Fecha Inicio (dd/mm/aaaa) | F113: Fecha terminación (dd/mm/aaaa) | G113: Experiencia (meses) | H113: Objeto del contrato | I113: Departamento | J113: Municipio | K113: Valor del contrato | L113: Valor en SMMLV | M113: Unión Temporal / Consorcio | N113: % participación | O113: Estado
A114: 1 | B114: ICBF | C114: Público | G114: =IF(AND(E114<>"",F114<>""),((F114-E114)/30),"") | L114: =+IF(AND(K114>0,O114="Ejecución"),(K114/877802)*Tabla28[[#This Row],[% participación]],IF(AND(K114>0,O114<>"Ejecución"),"-","")) | O114: Ejecución
A115: 2 | B115: ICBF | C115: Público | G115: =IF(AND(E115<>"",F115<>""),((F115-E115)/30),"") | L115: =+IF(AND(K115>0,O115="Ejecución"),(K115/877802)*Tabla28[[#This Row],[% participación]],IF(AND(K115>0,O115<>"Ejecución"),"-","")) | N115: =+IF(M116="No",1,IF(M116="Si","Ingrese %","")) | O115: Ejecución
A116: 3 | B116: ICBF | C116: Público | G116: =IF(AND(E116<>"",F116<>""),((F116-E116)/30),"") | L116: =+IF(AND(K116>0,O116="Ejecución"),(K116/877802)*Tabla28[[#This Row],[% participación]],IF(AND(K116>0,O116<>"Ejecución"),"-","")) | N116: =+IF(M116="No",1,IF(M116="Si","Ingrese %","")) | O116: Ejecución
A117: 4 | B117: ICBF | C117: Público | G117: =IF(AND(E117<>"",F117<>""),((F117-E117)/30),"") | L117: =+IF(AND(K117>0,O117="Ejecución"),(K117/877802)*Tabla28[[#This Row],[% participación]],IF(AND(K117>0,O117<>"Ejecución"),"-","")) | N117: =+IF(M117="No",1,IF(M117="Si","Ingrese %","")) | O117: Ejecución
A118: 5 | B118: ICBF | C118: Público | G118: =IF(AND(E118<>"",F118<>""),((F118-E118)/30),"") | L118: =+IF(AND(K118>0,O118="Ejecución"),(K118/877802)*Tabla28[[#This Row],[% participación]],IF(AND(K118>0,O118<>"Ejecución"),"-","")) | N118: =+IF(M118="No",1,IF(M118="Si","Ingrese %","")) | O118: Ejecución
A119: 6 | B119: ICBF | C119: Público | G119: =IF(AND(E119<>"",F119<>""),((F119-E119)/30),"") | L119: =+IF(AND(K119>0,O119="Ejecución"),(K119/877802)*Tabla28[[#This Row],[% participación]],IF(AND(K119>0,O119<>"Ejecución"),"-","")) | N119: =+IF(M119="No",1,IF(M119="Si","Ingrese %","")) | O119: Ejecución
A120: 7 | B120: ICBF | C120: Público | G120: =IF(AND(E120<>"",F120<>""),((F120-E120)/30),"") | L120: =+IF(AND(K120>0,O120="Ejecución"),(K120/877802)*Tabla28[[#This Row],[% participación]],IF(AND(K120>0,O120<>"Ejecución"),"-","")) | N120: =+IF(M120="No",1,IF(M120="Si","Ingrese %","")) | O120: Ejecución
A121: 8 | B121: ICBF | C121: Público | G121: =IF(AND(E121<>"",F121<>""),((F121-E121)/30),"") | L121: =+IF(AND(K121>0,O121="Ejecución"),(K121/877802)*Tabla28[[#This Row],[% participación]],IF(AND(K121>0,O121<>"Ejecución"),"-","")) | N121: =+IF(M121="No",1,IF(M121="Si","Ingrese %","")) | O121: Ejecución
A122: 9 | B122: ICBF | C122: Público | G122: =IF(AND(E122<>"",F122<>""),((F122-E122)/30),"") | L122: =+IF(AND(K122>0,O122="Ejecución"),(K122/877802)*Tabla28[[#This Row],[% participación]],IF(AND(K122>0,O122<>"Ejecución"),"-","")) | N122: =+IF(M122="No",1,IF(M122="Si","Ingrese %","")) | O122: Ejecución
A123: 10 | B123: ICBF | C123: Público | G123: =IF(AND(E123<>"",F123<>""),((F123-E123)/30),"") | L123: =+IF(AND(K123>0,O123="Ejecución"),(K123/877802)*Tabla28[[#This Row],[% participación]],IF(AND(K123>0,O123<>"Ejecución"),"-","")) | N123: =+IF(M123="No",1,IF(M123="Si","Ingrese %","")) | O123: Ejecución
A124: 11 | B124: ICBF | C124: Público | G124: =IF(AND(E124<>"",F124<>""),((F124-E124)/30),"") | L124: =+IF(AND(K124>0,O124="Ejecución"),(K124/877802)*Tabla28[[#This Row],[% participación]],IF(AND(K124>0,O124<>"Ejecución"),"-","")) | N124: =+IF(M124="No",1,IF(M124="Si","Ingrese %","")) | O124: Ejecución
A125: 12 | B125: ICBF | C125: Público | G125: =IF(AND(E125<>"",F125<>""),((F125-E125)/30),"") | L125: =+IF(AND(K125>0,O125="Ejecución"),(K125/877802)*Tabla28[[#This Row],[% participación]],IF(AND(K125>0,O125<>"Ejecución"),"-","")) | N125: =+IF(M125="No",1,IF(M125="Si","Ingrese %","")) | O125: Ejecución
A126: 13 | B126: ICBF | C126: Público | G126: =IF(AND(E126<>"",F126<>""),((F126-E126)/30),"") | L126: =+IF(AND(K126>0,O126="Ejecución"),(K126/877802)*Tabla28[[#This Row],[% participación]],IF(AND(K126>0,O126<>"Ejecución"),"-","")) | N126: =+IF(M126="No",1,IF(M126="Si","Ingrese %","")) | O126: Ejecución
A127: 14 | B127: ICBF | C127: Público | G127: =IF(AND(E127<>"",F127<>""),((F127-E127)/30),"") | L127: =+IF(AND(K127>0,O127="Ejecución"),(K127/877802)*Tabla28[[#This Row],[% participación]],IF(AND(K127>0,O127<>"Ejecución"),"-","")) | N127: =+IF(M127="No",1,IF(M127="Si","Ingrese %","")) | O127: Ejecución
... A160: 47 | B160: ICBF | C160: Público | G160: =IF(AND(E160<>"",F160<>""),((F160-E160)/30),"") | L160: =+IF(AND(K160>0,O160="Ejecución"),(K160/877802)*Tabla28[[#This Row],[% participación]],IF(AND(K160>0,O160<>"Ejecución"),"-","")) | N160: =+IF(M160="No",1,IF(M160="Si","Ingrese %","")) | O160: Ejecución
O161: =HYPERLINK("#Integrante_1!A1","INICIO") -> INICIO
A162: TALENTO HUMANO | F162: INFRAESTRUCTURA | I162: DISCAPACIDAD
A163: En esta sección se registrará el cumplimento o no del criterio de Mínimo a contar con el talento humano básico por cada una de las modalidades del servicio y al seleccionar "Si" en la casilla Cumple, usted como Representante legal de la EAS está declarando bajo gravedad de juramento el cumplimento de este requisito. | F163: En esta sección se registrará el cumplimento o no del criterio de Mínimos a contar con la infraestructura básica para la prestación de servicio por cada una de las modalidades del servicio y al seleccionar "Si" en la casilla Cumple, usted como Representante legal de la EAS está declarando bajo gravedad de juramento el cumplimento de este requisito. Este criterio no aplica para la contratación de serviciosasociados a Desarrollo Infantil en Establecimientos de Reclusión – DIER; en este caso, seleccionar N/A. | I163: En esta sección se responderá a la pregunta (Si o No); en caso de seleccionar "Si", el oferente deberá adjuntar copia de la certificación expedida por la persona natural, representante legal de la persona jurídica o el revisor fiscal, que tiene vinculadas personas con discapacidad y la certificación del Ministerio de Trabajo, la cual debe estar vigente al momento de la presentación de la manifestación de interés.
B165: Luego de la validación de los criterios de cumplimiento certifico que: | G165: Luego de la validación de los criterios de cumplimiento certifico que: | I165: ¿Cuenta con el certificado para operar con Talento Humano en condición de discapacidad? | N165: No
D166: Cumple | G166: Cumple
D167: Si | G167: Si | I167: Recuerde que debe adjuntar en archivo PDF copia de la Resolución nombrado así: Resolución Discapacidad MinTrabajo - "EAS"; en donde "EAS" debe ser el nombre del Oferente.
B168: Consultar maunal operativo | H168: Consultar manual operativo
B169: Verificar el estándar 30 del Manual operativo que corresponda al servicio a contratarse. | F169: Verificar los requisitos del “Componente ambientes educativos y protectores” en el Manual operativo que corresponda al servicio a contratarse.
A172: CONTRAPARTIDA ADICIONAL Y VALOR TÉCNICO AGREGADO
A173: Como oferente usted podrá ofrecer contrapartida adicional y valor técnico agregado. Tenga presente que el porcentaje que ofrezca de forma adicional en contrapartida se tendrá en cuenta para la calificación del Criterio de Contrapartida y el valor que ofrezca en Valor Técnico Agregado se tendrá en cuenta para el criterio de Desempate en caso de presentarse.
B176: CONTRAPARTIDA ADICIONAL | I176: VALOR TÉCNICO AGREGADO | O176: =HYPERLINK("#Integrante_1!A1","INICIO") -> INICIO
B177: Descripción | E177: % Contrapartida | I177: Descripción | M177: % Ofertado | S177: % VTA
E178: Mínima | F178: Adicional | G178: Total | R178: Total | S178: Mínima
B179: CONTRAPARTIDA ADICIONAL | E179: 0.02 | F179: 0.03 | G179: =IF(F179>0,SUM(E179+F179),"") -> 0.05 | I179: VALOR TÉCNICO AGREGADO | M179: 0.03 | R179: =IF(M179>0,SUM(S179+M179),"") -> 0.05 | S179: 0.02
B180: Vinculación de Talento humano adicional | E180: 0.02 | G180: =IF(F180>0,SUM(E180+F180),"") | I180: Logística taller de sensibilizacón a comités de Control social (mínimo 2% - máximo 5%) | L180: 0.02 | N180: =IF(M180>0,SUM(L180+M180),"")
B181: Contrapartida en equipos de medición | E181: 0.02 | G181: =IF(F181>0,SUM(E181+F181),"") | I181: Kit de Control social (mínimo 2% - máximo 5%) | L181: 0.02 | N181: =IF(M181>0,SUM(L181+M181),"")
B182: Contrapartida de bienes y servicios | E182: 0.03 | G182: =IF(F182>0,SUM(E182+F182),"") | I182: Plan de comunicación para promoción del Control social (mínimo 2% - máximo 5%) | L182: 0.02 | N182: =IF(M182>0,SUM(L182+M182),"")
I183: Valor agregado de cualificación del talento humano (mínimo 2% - máximo 5%) | L183: 0.02 | N183: =IF(M183>0,SUM(L183+M183),"")
B184: Nota: Favor tener presente que este porcentaje es adicional al porcentaje mínimo requerido en el BNOPI, el cual es del 2%; es decir, el valor que se ingrese se sumará a ese 2% para la Contrapartida.
B185: Tenga en cuenta que el porcentaje de la Contrapartida total | C185: =+SUM(G179:G182) -> 0.05 | D185: que es igual a | E185: =+(C185*SUM(K20:K35)) -> 199967808 | I185: Tenga en cuenta que el porcentaje de la Contrapartida total | J185: =M179 -> 0.03 | K185: que es igual a | M185: =+J185*K20 -> 1.1998068e+08
I186: Nota: El porcentaje ofertado se debe encontrar entre el 2% y el 5%
A188: TRAYECTORIA
A189: Para este criterio se verificará el documento de personería jurídica (se revisa la fecha de reconocimiento) y declaración juramentada con la relación de contratos (se toma la fecha del primer contrato para calcular la trayectoria) firmada por representante legal y revisor fiscal (cuando aplique).
B192: Fecha Personería Juridica (dd/mm/aaaa) | E192: # Resolución | H192: Representante Legal | J192: Fecha inicio Contrato más antiguo con el SNBF (dd/mm/aaaa)
C193: 43794 | E193: 2737 | H193: JORLEIDIS JANIT VALDEZ MIRANDA
B194: Recuerde adjuntar el documento declaración juramentada
A197: ACEPTACIÓN
...

Sheet Integrante_2
C2: MANIFESTACIÓN DE INTERÉS PARA LA SELECCIÓN DE OFERENTES EN CONTRATOS DE APORTE DE SERVICIOS DE ATENCIÓN A LA PRIMERA INFANCIA | L2: DOCUMENTO EN REVISIÓN | N2: FECH A PENDIENTE
L3: Versión 1 | N3: Página 1 de 3
L4: Clasificación de la Información: Pública | P4: =NOW() -> 44194.997
A6: VÍNCULOS
B8: =HYPERLINK("#Integrante_2!B20","IDENTIFICACIÓN DEL OFERENTE") -> IDENTIFICACIÓN DEL OFERENTE | E8: =HYPERLINK("#Integrante_2!A109","CAPACIDAD RESIDUAL") -> CAPACIDAD RESIDUAL | I8: =HYPERLINK("#Integrante_2!N162","DISCAPACIDAD") -> DISCAPACIDAD | K8: =HYPERLINK("#Integrante_2!A188","TRAYECTORIA") -> TRAYECTORIA
B9: =HYPERLINK("#Integrante_2!I20","DATOS CONTRATO INVITACIÓN") -> DATOS CONTRATO INVITACIÓN | E9: =HYPERLINK("#Integrante_2!A162","TALENTO HUMANO") -> TALENTO HUMANO | I9: =HYPERLINK("#Integrante_2!B176","CONTRAPARTIDA ADICIONAL") -> CONTRAPARTIDA ADICIONAL | K9: =HYPERLINK("#Integrante_2!A199","ACEPTACIÓN") -> ACEPTACIÓN
B10: =HYPERLINK("#Integrante_2!B48","EXPERIENCIA TERRITORIAL") -> EXPERIENCIA TERRITORIAL | E10: =HYPERLINK("#Integrante_2!F162","INFRAESTRUCTURA") -> INFRAESTRUCTURA | I10: =HYPERLINK("#Integrante_2!L176","VALOR TÉCNICO AGREGADO") -> VALOR TÉCNICO AGREGADO
C14: DP_Asunto_ManifestacionInteres_No
B15: Asunto: Manifestación de interés No | C15: 2021-44-44001312020 | G15: Regional ICBF: | H15: LA GUAJIRA | I15: Tipo de Oferente: | J15: Plural | L15: % participación | N15: 0.2
A17: IDENTIFICACIÓN DEL OFERENTE | H17: DATOS CONTRATO DE LA INVITACIÓN
B19: NIT (Sin dígito de verificación): | E19: NIT UT o Consorcio | H19: Datos básicos del contrato relacionado con la Manifestación de interés del Asunto | I19: Departamento | J19: Municipio | K19: Valor invitación | L19: Fecha inicio | M19: Fecha final | N19: Tiempo ejecución (meses)
B20: 817007115 | E20: Nombre UT o Consorcio | F20: UT CRECIENDO JUNTOS POR LA INFANCIA | I20: LA_GUAJIRA | J20: MANAURE | K20: 3999356160 | L20: 44194 | M20: 44561 | N20: =+(M20-L20)/30 -> 12.233333 | V20: =NOW() -> 44194.997 | W20: =NOW() -> 44194.997
N21: =+(M21-L21)/30 -> 0
N22: =+(M22-L22)/30 -> 0
N23: =+(M23-L23)/30 -> 0
N24: =+(M24-L24)/30 -> 0
N25: =+(M25-L25)/30 -> 0
N26: =+(M26-L26)/30 -> 0
N27: =+(M27-L27)/30 -> 0
N28: =+(M28-L28)/30 -> 0
N29: =+(M29-L29)/30 -> 0
N30: =+(M30-L30)/30 -> 0
N31: =+(M31-L31)/30 -> 0
N32: =+(M32-L32)/30 -> 0
... N35: =+(M35-L35)/30 -> 0
B37: Razón Social:
B38: =VLOOKUP(B20,EAS!A2:B1439,2,0) -> FUNDACION SOCIAL EL BUEN SAMARITANO | I38: Objeto del contrato
I39: Prestar los servicios de educación inicial en el marco de la atención integral en la Modalidad Propia e Intercultural para grupos étnicos y comunidades rurales y rurales dispersas, respondiendo a las características propias de los territorios y comunidades, de conformidad con el Manual Operativo de la Modalidad Propia e Intercultural, el Lineamiento Técnico para la Atención a la Primera Infancia y las directrices establecidas por el ICBF, en armonía con la Política de Estado para el Desarrollo Integral de la Primera Infancia de Cero a Siempre.
A41: REGISTRO DE INFORMACIÓN PARA CADA UNO DE LOS CRITERIOS DE LA MANIFESTACIÓN DE INTERÉS
A43: EXPERIENCIA TERRITORIAL
A44: En esta sección se registrará la información que corresponde a la Experiencia del Oferente y deberá adjuntar la declaración juramentada suscrita por el representante legal, en la cual relacione los contratos ejecutados y terminados con el sector público y privado.
I46: Lugar de ejecución
A47: No. | B47: Entidad contratante | C47: Sector | D47: Número de contrato | E47: Fecha Inicio (dd/mm/aaaa) | F47: Fecha terminación (dd/mm/aaaa) | G47: Experiencia (meses) | H47: Objeto del contrato | I47: Departamento | J47: Municipio | K47: Valor del contrato | L47: Unión Temporal / Consorcio | M47: % participación | N47: Estado | O47: Experiencia Registrada para habilitación en banco
A48: 1 | B48: FUNDACION SOL GUAJIRO | C48: Privado | D48: 002 | E48: 38426 | F48: 38701 | G48: =IF(AND(E48<>"",F48<>""),((F48-E48)/30),"") -> 9.1666667 | H48: Atención integral a los niños en la primera infancia en condiciones de vulnerabilidad en los municipios de Manaure y Uribia Departamento de La Guajira. | I48: LA_GUAJIRA | J48: MANAURE | K48: 8620000 | L48: No | M48: 1 | N48: Terminado | O48: No
A49: 2 | B49: FUNDACION SOL GUAJIRO | C49: Privado | D49: 002 | E49: 38761 | F49: 39064 | G49: =IF(AND(E49<>"",F49<>""),((F49-E49)/30),"") -> 10.1 | H49: Atención integral a los niños en la primera infancia en condiciones de vulnerabilidad en los municipios de Manaure y Uribia Departamento de La Guajira. | I49: LA_GUAJIRA | J49: MANAURE | K49: 12445000 | L49: No | M49: 1 | N49: Terminado | O49: No
A50: 3 | B50: FUNDACION SOL GUAJIRO | C50: Privado | D50: 002 | E50: 39160 | F50: 39430 | G50: =IF(AND(E50<>"",F50<>""),((F50-E50)/30),"") -> 9 | H50: Atención integral a los niños en la primera infancia en condiciones de vulnerabilidad en los municipios de Manaure y Uribia Departamento de La Guajira. | I50: LA_GUAJIRA | J50: MANAURE | K50: 13262000 | L50: No | M50: 1 | N50: Terminado | O50: No
A51: 4 | B51: FUNDACION SOL GUAJIRO | C51: Privado | D51: 002 | E51: 39460 | F51: 39793 | G51: =IF(AND(E51<>"",F51<>""),((F51-E51)/30),"") -> 11.1 | H51: Atención integral a los niños en la primera infancia en condiciones de vulnerabilidad en los municipios de Manaure y Uribia Departamento de La Guajira. | I51: LA_GUAJIRA | J51: MANAURE | K51: 14364000 | L51: No | M51: 1 | N51: Terminado | O51: No
A52: 5 | B52: FUNDACION SOL GUAJIRO | C52: Privado | D52: 002 | E52: 39852 | F52: 40163 | G52: =IF(AND(E52<>"",F52<>""),((F52-E52)/30),"") -> 10.366667 | H52: Atención integral a los niños en la primera infancia en condiciones de vulnerabilidad en los municipios de Manaure y Uribia Departamento de La Guajira. | I52: LA_GUAJIRA | J52: MANAURE | K52: 15812000 | L52: No | M52: 1 | N52: Terminado | O52: No
A53: 6 | B53: FUNDACION SOL GUAJIRO | C53: Privado | D53: 002 | E53: 40194 | F53: 40526 | G53: =IF(AND(E53<>"",F53<>""),((F53-E53)/30),"") -> 11.066667 | H53: Atención integral a los niños en la primera infancia en condiciones de vulnerabilidad en los municipios de Manaure y Uribia Departamento de La Guajira. | I53: LA_GUAJIRA | J53: MANAURE | K53: 16931000 | L53: No | M53: 1 | N53: Terminado | O53: No
A54: 7 | G54: =IF(AND(E54<>"",F54<>""),((F54-E54)/30),"")
A55: 8 | G55: =IF(AND(E55<>"",F55<>""),((F55-E55)/30),"")
A56: 9 | G56: =IF(AND(E56<>"",F56<>""),((F56-E56)/30),"")
A57: 10 | G57: =IF(AND(E57<>"",F57<>""),((F57-E57)/30),"")
A58: 11 | G58: =IF(AND(E58<>"",F58<>""),((F58-E58)/30),"")
A59: 12 | G59: =IF(AND(E59<>"",F59<>""),((F59-E59)/30),"")
A60: 13 | G60: =IF(AND(E60<>"",F60<>""),((F60-E60)/30),"")
A61: 14 | G61: =IF(AND(E61<>"",F61<>""),((F61-E61)/30),"")
A62: 15 | G62: =IF(AND(E62<>"",F62<>""),((F62-E62)/30),"")
A63: 16 | G63: =IF(AND(E63<>"",F63<>""),((F63-E63)/30),"")
A64: 17 | G64: =IF(AND(E64<>"",F64<>""),((F64-E64)/30),"")
A65: 18 | G65: =IF(AND(E65<>"",F65<>""),((F65-E65)/30),"")
... A107: 60 | G107: =IF(AND(E107<>"",F107<>""),((F107-E107)/30),"")
O108: =HYPERLINK("#Integrante_2!A1","INICIO") -> INICIO
A109: CAPACIDAD RESIDUAL
A110: En esta sección se registrará la información que corresponde a la Experiencia del Oferente de los contratos que se encuentren en ejecución. Este requisito se verificará a través de una declaración juramentada suscrita por el representante legal, en la cual reporte los contratos que se encuentren en ejecución con el ICBF.
I112: Lugar de ejecución
A113: No. | B113: Entidad contratante | C113: Sector | D113: Número de contrato | E113: Fecha Inicio (dd/mm/aaaa) | F113: Fecha terminación (dd/mm/aaaa) | G113: Experiencia (meses) | H113: Objeto del contrato | I113: Departamento | J113: Municipio | K113: Valor del contrato | L113: Valor en SMMLV | M113: Unión Temporal / Consorcio | N113: % participación | O113: Estado
A114: 1 | B114: ICBF | C114: Público | D114: ICBF-CA-19002272020 | E114: 43882 | F114: 44196 | G114: =IF(AND(E114<>"",F114<>""),((F114-E114)/30),"") -> 10.466667 | H114: Prestar los servicios de educación inicial en el marco de la atención integral en Centros de Desarrollo Infantil -CDI de conformidad con los Manuales Operativos de la Modalidad Institucional, el Lineamiento Técnico para la Atención a la Primera Infancia y las directrices establecidas por el ICBF, en armonía con la Política de Estado para el Desarrollo Integral de la Primera Infancia de Cero a Siempre | I114: CAUCA | J114: POPAYÁN | K114: 3067680959 | L114: =+IF(AND(K114>0,O114="Ejecución"),(K114/877802)*Tabla283[[#This Row],[% participación]],IF(AND(K114>0,O114<>"Ejecución"),"-","")) -> 3494.73 | M114: No | N114: 1 | O114: Ejecución
A115: 2 | B115: ICBF | C115: Público | D115: ICBF-CA19002112020 | E115: 43882 | F115: 44196 | G115: =IF(AND(E115<>"",F115<>""),((F115-E115)/30),"") -> 10.466667 | H115: Prestar los servicios de educación inicial en el marco de la atención integral en Desarrollo Infantil en Medio Familiar - DIMF-, de conformidad con los Manuales Operativos de la Modalidad Familiar, el Lineamiento Técnico para la Atención a la Primera Infancia y las directrices establecidas por el ICBF, en armonía con la Política de Estado para el Desarrollo Integral de la Primera Infancia de Cero a Siempre | I115: CAUCA | J115: MERCADERES | K115: 1048104841 | L115: =+IF(AND(K115>0,O115="Ejecución"),(K115/877802)*Tabla283[[#This Row],[% participación]],IF(AND(K115>0,O115<>"Ejecución"),"-","")) -> 1194.0105 | M115: No | N115: 1 | O115: Ejecución
A116: 3 | B116: ICBF | C116: Público | D116: 131 | E116: 43889 | F116: 44196 | G116: =IF(AND(E116<>"",F116<>""),((F116-E116)/30),"") -> 10.233333 | H116: PRESTAR EL SERVICIO DE EDUCACIÓN INICIAL EN LA MODALIDAD PROPIA E INTERCULTURAL PARA GRUPOS ÉTNICOS Y COMUNIDADES RURALES Y RURALES DISPERSAS, RESPONDIENDO A LAS CARACTERÍSTICAS PROPIAS DE LOS TERRITORIOS Y COMUNIDADES, DE CONFORMIDAD CON EL MANUAL OPERATIVO DE LA MODALIDAD PROPIA E INTERCULTURAL Y LAS DIRECTRICES ESTABLECIDAS POR EL ICBF, EN ARMONIA CON LA POLÍTICA DE ESTADO PARA EL DESARROLLO INTEGRAL DE LA PRIMERA INFANCIA DE CERO A SIEMPRE. | I116: LA_GUAJIRA | J116: MANAURE | K116: 3923177447 | L116: =+IF(AND(K116>0,O116="Ejecución"),(K116/877802)*Tabla283[[#This Row],[% participación]],IF(AND(K116>0,O116<>"Ejecución"),"-","")) -> 4469.3193 | M116: No | N116: =+IF(M116="No",1,IF(M116="Si","Ingrese %","")) -> 1 | O116: Ejecución
A117: 4 | B117: ICBF | C117: Público | D117: 19005422020 | E117: 44194 | F117: 44773 | G117: =IF(AND(E117<>"",F117<>""),((F117-E117)/30),"") -> 19.3 | H117: PRESTAR LOS SERVICIOS PARA LA ATENCIÓN A LA PRIMERA INFANCIA EN LOS HOGARES COMUNITARIOS DE BIENESTAR HCB Y HOGARES COMUNITARIOS DE BIENESTAR AGRUPADOS, DE CONFORMIDAD CON EL MANUAL OPERATIVO DE LA MODALIDAD COMUNITARIA, EL LINEAMIENTO TÉCNICO PARA LA ATENCIÓN A LA PRIMERA INFANCIA Y LAS DIRECTRICES ESTABLECIDAS POR EL ICBF, EN ARMONÍA CON LA POLÍTICA DE ESTADO PARA EL DESARROLLO INTEGRAL DE LA PRIMERA INFANCIA DE CERO A SIEMPRE | I117: CAUCA | J117: PUERTO TEJADA | K117: 6419692902 | L117: =+IF(AND(K117>0,O117="Ejecución"),(K117/877802)*Tabla283[[#This Row],[% participación]],IF(AND(K117>0,O117<>"Ejecución"),"-","")) -> 7313.3724 | M117: No | N117: =+IF(M117="No",1,IF(M117="Si","Ingrese %","")) -> 1 | O117: Ejecución
A118: 5 | B118: ICBF | C118: Público | G118: =IF(AND(E118<>"",F118<>""),((F118-E118)/30),"") | L118: =+IF(AND(K118>0,O118="Ejecución"),(K118/877802)*Tabla283[[#This Row],[% participación]],IF(AND(K118>0,O118<>"Ejecución"),"-","")) | N118: =+IF(M118="No",1,IF(M118="Si","Ingrese %","")) | O118: Ejecución
A119: 6 | B119: ICBF | C119: Público | G119: =IF(AND(E119<>"",F119<>""),((F119-E119)/30),"") | L119: =+IF(AND(K119>0,O119="Ejecución"),(K119/877802)*Tabla283[[#This Row],[% participación]],IF(AND(K119>0,O119<>"Ejecución"),"-","")) | N119: =+IF(M119="No",1,IF(M119="Si","Ingrese %","")) | O119: Ejecución
A120: 7 | B120: ICBF | C120: Público | G120: =IF(AND(E120<>"",F120<>""),((F120-E120)/30),"") | L120: =+IF(AND(K120>0,O120="Ejecución"),(K120/877802)*Tabla283[[#This Row],[% participación]],IF(AND(K120>0,O120<>"Ejecución"),"-","")) | N120: =+IF(M120="No",1,IF(M120="Si","Ingrese %","")) | O120: Ejecución
A121: 8 | B121: ICBF | C121: Público | G121: =IF(AND(E121<>"",F121<>""),((F121-E121)/30),"") | L121: =+IF(AND(K121>0,O121="Ejecución"),(K121/877802)*Tabla283[[#This Row],[% participación]],IF(AND(K121>0,O121<>"Ejecución"),"-","")) | N121: =+IF(M121="No",1,IF(M121="Si","Ingrese %","")) | O121: Ejecución
A122: 9 | B122: ICBF | C122: Público | G122: =IF(AND(E122<>"",F122<>""),((F122-E122)/30),"") | L122: =+IF(AND(K122>0,O122="Ejecución"),(K122/877802)*Tabla283[[#This Row],[% participación]],IF(AND(K122>0,O122<>"Ejecución"),"-","")) | N122: =+IF(M122="No",1,IF(M122="Si","Ingrese %","")) | O122: Ejecución
A123: 10 | B123: ICBF | C123: Público | G123: =IF(AND(E123<>"",F123<>""),((F123-E123)/30),"") | L123: =+IF(AND(K123>0,O123="Ejecución"),(K123/877802)*Tabla283[[#This Row],[% participación]],IF(AND(K123>0,O123<>"Ejecución"),"-","")) | N123: =+IF(M123="No",1,IF(M123="Si","Ingrese %","")) | O123: Ejecución
A124: 11 | B124: ICBF | C124: Público | G124: =IF(AND(E124<>"",F124<>""),((F124-E124)/30),"") | L124: =+IF(AND(K124>0,O124="Ejecución"),(K124/877802)*Tabla283[[#This Row],[% participación]],IF(AND(K124>0,O124<>"Ejecución"),"-","")) | N124: =+IF(M124="No",1,IF(M124="Si","Ingrese %","")) | O124: Ejecución
A125: 12 | B125: ICBF | C125: Público | G125: =IF(AND(E125<>"",F125<>""),((F125-E125)/30),"") | L125: =+IF(AND(K125>0,O125="Ejecución"),(K125/877802)*Tabla283[[#This Row],[% participación]],IF(AND(K125>0,O125<>"Ejecución"),"-","")) | N125: =+IF(M125="No",1,IF(M125="Si","Ingrese %","")) | O125: Ejecución
A126: 13 | B126: ICBF | C126: Público | G126: =IF(AND(E126<>"",F126<>""),((F126-E126)/30),"") | L126: =+IF(AND(K126>0,O126="Ejecución"),(K126/877802)*Tabla283[[#This Row],[% participación]],IF(AND(K126>0,O126<>"Ejecución"),"-","")) | N126: =+IF(M126="No",1,IF(M126="Si","Ingrese %","")) | O126: Ejecución
A127: 14 | B127: ICBF | C127: Público | G127: =IF(AND(E127<>"",F127<>""),((F127-E127)/30),"") | L127: =+IF(AND(K127>0,O127="Ejecución"),(K127/877802)*Tabla283[[#This Row],[% participación]],IF(AND(K127>0,O127<>"Ejecución"),"-","")) | N127: =+IF(M127="No",1,IF(M127="Si","Ingrese %","")) | O127: Ejecución
A128: 15 | B128: ICBF | C128: Público | G128: =IF(AND(E128<>"",F128<>""),((F128-E128)/30),"") | L128: =+IF(AND(K128>0,O128="Ejecución"),(K128/877802)*Tabla283[[#This Row],[% participación]],IF(AND(K128>0,O128<>"Ejecución"),"-","")) | N128: =+IF(M128="No",1,IF(M128="Si","Ingrese %","")) | O128: Ejecución
A129: 16 | B129: ICBF | C129: Público | G129: =IF(AND(E129<>"",F129<>""),((F129-E129)/30),"") | L129: =+IF(AND(K129>0,O129="Ejecución"),(K129/877802)*Tabla283[[#This Row],[% participación]],IF(AND(K129>0,O129<>"Ejecución"),"-","")) | N129: =+IF(M129="No",1,IF(M129="Si","Ingrese %","")) | O129: Ejecución
... A160: 47 | B160: ICBF | C160: Público | G160: =IF(AND(E160<>"",F160<>""),((F160-E160)/30),"") | L160: =+IF(AND(K160>0,O160="Ejecución"),(K160/877802)*Tabla283[[#This Row],[% participación]],IF(AND(K160>0,O160<>"Ejecución"),"-","")) | N160: =+IF(M160="No",1,IF(M160="Si","Ingrese %","")) | O160: Ejecución
O161: =HYPERLINK("#Integrante_2!A1","INICIO") -> INICIO
A162: TALENTO HUMANO | F162: INFRAESTRUCTURA | I162: DISCAPACIDAD
A163: En esta sección se registrará el cumplimento o no del criterio de Mínimo a contar con el talento humano básico por cada una de las modalidades del servicio y al seleccionar "Si" en la casilla Cumple, usted como Representante legal de la EAS está declarando bajo gravedad de juramento el cumplimento de este requisito. | F163: En esta sección se registrará el cumplimento o no del criterio de Mínimos a contar con la infraestructura básica para la prestación de servicio por cada una de las modalidades del servicio y al seleccionar "Si" en la casilla Cumple, usted como Representante legal de la EAS está declarando bajo gravedad de juramento el cumplimento de este requisito. Este criterio no aplica para la contratación de serviciosasociados a Desarrollo Infantil en Establecimientos de Reclusión – DIER; en este caso, seleccionar N/A. | I163: En esta sección se responderá a la pregunta (Si o No); en caso de seleccionar "Si", el oferente deberá adjuntar copia de la certificación expedida por la persona natural, representante legal de la persona jurídica o el revisor fiscal, que tiene vinculadas personas con discapacidad y la certificación del Ministerio de Trabajo, la cual debe estar vigente al momento de la presentación de la manifestación de interés.
B165: Luego de la validación de los criterios de cumplimiento certifico que: | G165: Luego de la validación de los criterios de cumplimiento certifico que: | I165: ¿Cuenta con el certificado para operar con Talento Humano en condición de discapacidad? | N165: No
D166: Cumple | G166: Cumple
D167: Si | G167: Si | I167: Recuerde que debe adjuntar en archivo PDF copia de la Resolución nombrado así: Resolución Discapacidad MinTrabajo - "EAS"; en donde "EAS" debe ser el nombre del Oferente.
B168: Consultar maunal operativo | H168: Consultar manual operativo
B169: Verificar el estándar 30 del Manual operativo que corresponda al servicio a contratarse. | F169: Verificar los requisitos del “Componente ambientes educativos y protectores” en el Manual operativo que corresponda al servicio a contratarse.
A172: CONTRAPARTIDA ADICIONAL Y VALOR TÉCNICO AGREGADO
A173: Como oferente usted podrá ofrecer contrapartida adicional y valor técnico agregado. Tenga presente que el porcentaje que ofrezca de forma adicional en contrapartida se tendrá en cuenta para la calificación del Criterio de Contrapartida y el valor que ofrezca en Valor Técnico Agregado se tendrá en cuenta para el criterio de Desempate en caso de presentarse.
B176: CONTRAPARTIDA ADICIONAL | I176: VALOR TÉCNICO AGREGADO | O176: =HYPERLINK("#Integrante_2!A1","INICIO") -> INICIO
B177: Descripción | E177: % Contrapartida | I177: Descripción | M177: % Ofertado
E178: Mínima | F178: Adicional | G178: Total | M178: Adicional | S178: Total
B179: CONTRAPARTIDA ADICIONAL | E179: 0.02 | F179: 0.03 | G179: =IF(F179>0,SUM(E179+F179),"") -> 0.05 | I179: VALOR TÉCNICO AGREGADO | M179: 0.03 | S179: =IF(M179>0,SUM(L179+M179),"") -> 0.03
B180: Vinculación de Talento humano adicional | E180: 0.02 | G180: =IF(F180>0,SUM(E180+F180),"") | I180: Logística taller de sensibilizacón a comités de Control social (mínimo 2% - máximo 5%) | L180: 0.02 | N180: =IF(M180>0,SUM(L180+M180),"")
B181: Contrapartida en equipos de medición | E181: 0.02 | G181: =IF(F181>0,SUM(E181+F181),"") | I181: Kit de Control social (mínimo 2% - máximo 5%) | L181: 0.02 | N181: =IF(M181>0,SUM(L181+M181),"")
B182: Contrapartida de bienes y servicios | E182: 0.03 | G182: =IF(F182>0,SUM(E182+F182),"") | I182: Plan de comunicación para promoción del Control social (mínimo 2% - máximo 5%) | L182: 0.02 | N182: =IF(M182>0,SUM(L182+M182),"")
I183: Valor agregado de cualificación del talento humano (mínimo 2% - máximo 5%) | L183: 0.02 | N183: =IF(M183>0,SUM(L183+M183),"")
B184: Nota: Favor tener presente que este porcentaje es adicional al porcentaje mínimo requerido en el BNOPI, el cual es del 2%; es decir, el valor que se ingrese se sumará a ese 2% para la Contrapartida.
B185: Tenga en cuenta que el porcentaje de la Contrapartida total | C185: =+SUM(G179:G182) -> 0.05 | D185: que es igual a | E185: =+(C185*SUM(K20:K35)) -> 199967808 | I185: Tenga en cuenta que el porcentaje de la Contrapartida total | J185: =M179 -> 0.03 | K185: que es igual a | M185: =+J185*K20 -> 1.1998068e+08
I186: Nota: El porcentaje ofertado se debe encontrar entre el 2% y el 5%
A188: TRAYECTORIA
A189: Para este criterio se verificará el documento de personería jurídica (se revisa la fecha de reconocimiento) y declaración juramentada con la relación de contratos (se toma la fecha del primer contrato para calcular la trayectoria) firmada por representante legal y revisor fiscal (cuando aplique).
B192: Fecha Personería Juridica (dd/mm/aaaa) | E192: # Resolución | H192: Representante Legal | J192: Fecha inicio Contrato más antiguo con el SNBF (dd/mm/aaaa)
C193: 43817 | E193: 10466 | H193: YAJAIRA DEL CARMEN GAMEZ PUERTA | K193: 43882
B194: Recuerde adjuntar el documento declaración juramentada
...

Sheet Integrante_3
C2: MANIFESTACIÓN DE INTERÉS PARA LA SELECCIÓN DE OFERENTES EN CONTRATOS DE APORTE DE SERVICIOS DE ATENCIÓN A LA PRIMERA INFANCIA | L2: DOCUMENTO EN REVISIÓN | N2: FECH A PENDIENTE
L3: Versión 1 | N3: Página 1 de 3
L4: Clasificación de la Información: Pública | P4: =NOW() -> 44194.997
A6: VÍNCULOS
B8: =HYPERLINK("#Integrante_3!B20","IDENTIFICACIÓN DEL OFERENTE") -> IDENTIFICACIÓN DEL OFERENTE | E8: =HYPERLINK("#Integrante_3!A109","CAPACIDAD RESIDUAL") -> CAPACIDAD RESIDUAL | I8: =HYPERLINK("#Integrante_3!N162","DISCAPACIDAD") -> DISCAPACIDAD | K8: =HYPERLINK("#Integrante_3!A188","TRAYECTORIA") -> TRAYECTORIA
B9: =HYPERLINK("#Integrante_3!I20","DATOS CONTRATO INVITACIÓN") -> DATOS CONTRATO INVITACIÓN | E9: =HYPERLINK("#Integrante_3!A162","TALENTO HUMANO") -> TALENTO HUMANO | I9: =HYPERLINK("#Integrante_3!B176","CONTRAPARTIDA ADICIONAL") -> CONTRAPARTIDA ADICIONAL | K9: =HYPERLINK("#Integrante_3!A199","ACEPTACIÓN") -> ACEPTACIÓN
B10: =HYPERLINK("#Integrante_3!B48","EXPERIENCIA TERRITORIAL") -> EXPERIENCIA TERRITORIAL | E10: =HYPERLINK("#Integrante_3!F162","INFRAESTRUCTURA") -> INFRAESTRUCTURA | I10: =HYPERLINK("#Integrante_3!L176","VALOR TÉCNICO AGREGADO") -> VALOR TÉCNICO AGREGADO
C14: DP_Asunto_ManifestacionInteres_No
B15: Asunto: Manifestación de interés No | G15: Regional ICBF: | I15: Tipo de Oferente: | J15: Plural | L15: % participación
A17: IDENTIFICACIÓN DEL OFERENTE | H17: DATOS CONTRATO DE LA INVITACIÓN
B19: NIT (Sin dígito de verificación): | E19: NIT UT o Consorcio | H19: Datos básicos del contrato relacionado con la Manifestación de interés del Asunto | I19: Departamento | J19: Municipio | K19: Valor invitación | L19: Fecha inicio | M19: Fecha final | N19: Tiempo ejecución (meses)
E20: Nombre UT o Consorcio | N20: =+(M20-L20)/30 -> 0 | V20: =NOW() -> 44194.997 | W20: =NOW() -> 44194.997
N21: =+(M21-L21)/30 -> 0
N22: =+(M22-L22)/30 -> 0
N23: =+(M23-L23)/30 -> 0
N24: =+(M24-L24)/30 -> 0
N25: =+(M25-L25)/30 -> 0
N26: =+(M26-L26)/30 -> 0
N27: =+(M27-L27)/30 -> 0
N28: =+(M28-L28)/30 -> 0
N29: =+(M29-L29)/30 -> 0
N30: =+(M30-L30)/30 -> 0
N31: =+(M31-L31)/30 -> 0
N32: =+(M32-L32)/30 -> 0
... N35: =+(M35-L35)/30 -> 0
B37: Razón Social:
B38: =VLOOKUP(B20,EAS!A2:B1439,2,0) -> #N/A | I38: Objeto del contrato
A41: REGISTRO DE INFORMACIÓN PARA CADA UNO DE LOS CRITERIOS DE LA MANIFESTACIÓN DE INTERÉS
A43: EXPERIENCIA TERRITORIAL
A44: En esta sección se registrará la información que corresponde a la Experiencia del Oferente y deberá adjuntar la declaración juramentada suscrita por el representante legal, en la cual relacione los contratos ejecutados y terminados con el sector público y privado.
I46: Lugar de ejecución
A47: No. | B47: Entidad contratante | C47: Sector | D47: Número de contrato | E47: Fecha Inicio (dd/mm/aaaa) | F47: Fecha terminación (dd/mm/aaaa) | G47: Experiencia (meses) | H47: Objeto del contrato | I47: Departamento | J47: Municipio | K47: Valor del contrato | L47: Unión Temporal / Consorcio | M47: % participación | N47: Estado | O47: Experiencia Registrada para habilitación en banco
A48: 1 | G48: =IF(AND(E48<>"",F48<>""),((F48-E48)/30),"")
A49: 2 | G49: =IF(AND(E49<>"",F49<>""),((F49-E49)/30),"")
A50: 3 | G50: =IF(AND(E50<>"",F50<>""),((F50-E50)/30),"")
A51: 4 | G51: =IF(AND(E51<>"",F51<>""),((F51-E51)/30),"")
A52: 5 | G52: =IF(AND(E52<>"",F52<>""),((F52-E52)/30),"")
A53: 6 | G53: =IF(AND(E53<>"",F53<>""),((F53-E53)/30),"")
A54: 7 | G54: =IF(AND(E54<>"",F54<>""),((F54-E54)/30),"")
A55: 8 | G55: =IF(AND(E55<>"",F55<>""),((F55-E55)/30),"")
A56: 9 | G56: =IF(AND(E56<>"",F56<>""),((F56-E56)/30),"")
A57: 10 | G57: =IF(AND(E57<>"",F57<>""),((F57-E57)/30),"")
A58: 11 | G58: =IF(AND(E58<>"",F58<>""),((F58-E58)/30),"")
A59: 12 | G59: =IF(AND(E59<>"",F59<>""),((F59-E59)/30),"")
... A107: 60 | G107: =IF(AND(E107<>"",F107<>""),((F107-E107)/30),"")
O108: =HYPERLINK("#Integrante_3!A1","INICIO") -> INICIO
A109: CAPACIDAD RESIDUAL
A110: En esta sección se registrará la información que corresponde a la Experiencia del Oferente de los contratos que se encuentren en ejecución. Este requisito se verificará a través de una declaración juramentada suscrita por el representante legal, en la cual reporte los contratos que se encuentren en ejecución con el ICBF.
I112: Lugar de ejecución
A113: No. | B113: Entidad contratante | C113: Sector | D113: Número de contrato | E113: Fecha Inicio (dd/mm/aaaa) | F113: Fecha terminación (dd/mm/aaaa) | G113: Experiencia (meses) | H113: Objeto del contrato | I113: Departamento | J113: Municipio | K113: Valor del contrato | L113: Valor en SMMLV | M113: Unión Temporal / Consorcio | N113: % participación | O113: Estado
A114: 1 | B114: ICBF | C114: Público | G114: =IF(AND(E114<>"",F114<>""),((F114-E114)/30),"") | L114: =+IF(AND(K114>0,O114="Ejecución"),(K114/877802)*Tabla286[[#This Row],[% participación]],IF(AND(K114>0,O114<>"Ejecución"),"-","")) | N114: =+IF(M116="No",1,IF(M116="Si","Ingrese %","")) | O114: Ejecución
A115: 2 | B115: ICBF | C115: Público | G115: =IF(AND(E115<>"",F115<>""),((F115-E115)/30),"") | L115: =+IF(AND(K115>0,O115="Ejecución"),(K115/877802)*Tabla286[[#This Row],[% participación]],IF(AND(K115>0,O115<>"Ejecución"),"-","")) | N115: =+IF(M116="No",1,IF(M116="Si","Ingrese %","")) | O115: Ejecución
A116: 3 | B116: ICBF | C116: Público | G116: =IF(AND(E116<>"",F116<>""),((F116-E116)/30),"") | L116: =+IF(AND(K116>0,O116="Ejecución"),(K116/877802)*Tabla286[[#This Row],[% participación]],IF(AND(K116>0,O116<>"Ejecución"),"-","")) | N116: =+IF(M116="No",1,IF(M116="Si","Ingrese %","")) | O116: Ejecución
A117: 4 | B117: ICBF | C117: Público | G117: =IF(AND(E117<>"",F117<>""),((F117-E117)/30),"") | L117: =+IF(AND(K117>0,O117="Ejecución"),(K117/877802)*Tabla286[[#This Row],[% participación]],IF(AND(K117>0,O117<>"Ejecución"),"-","")) | N117: =+IF(M117="No",1,IF(M117="Si","Ingrese %","")) | O117: Ejecución
A118: 5 | B118: ICBF | C118: Público | G118: =IF(AND(E118<>"",F118<>""),((F118-E118)/30),"") | L118: =+IF(AND(K118>0,O118="Ejecución"),(K118/877802)*Tabla286[[#This Row],[% participación]],IF(AND(K118>0,O118<>"Ejecución"),"-","")) | N118: =+IF(M118="No",1,IF(M118="Si","Ingrese %","")) | O118: Ejecución
A119: 6 | B119: ICBF | C119: Público | G119: =IF(AND(E119<>"",F119<>""),((F119-E119)/30),"") | L119: =+IF(AND(K119>0,O119="Ejecución"),(K119/877802)*Tabla286[[#This Row],[% participación]],IF(AND(K119>0,O119<>"Ejecución"),"-","")) | N119: =+IF(M119="No",1,IF(M119="Si","Ingrese %","")) | O119: Ejecución
A120: 7 | B120: ICBF | C120: Público | G120: =IF(AND(E120<>"",F120<>""),((F120-E120)/30),"") | L120: =+IF(AND(K120>0,O120="Ejecución"),(K120/877802)*Tabla286[[#This Row],[% participación]],IF(AND(K120>0,O120<>"Ejecución"),"-","")) | N120: =+IF(M120="No",1,IF(M120="Si","Ingrese %","")) | O120: Ejecución
A121: 8 | B121: ICBF | C121: Público | G121: =IF(AND(E121<>"",F121<>""),((F121-E121)/30),"") | L121: =+IF(AND(K121>0,O121="Ejecución"),(K121/877802)*Tabla286[[#This Row],[% participación]],IF(AND(K121>0,O121<>"Ejecución"),"-","")) | N121: =+IF(M121="No",1,IF(M121="Si","Ingrese %","")) | O121: Ejecución
A122: 9 | B122: ICBF | C122: Público | G122: =IF(AND(E122<>"",F122<>""),((F122-E122)/30),"") | L122: =+IF(AND(K122>0,O122="Ejecución"),(K122/877802)*Tabla286[[#This Row],[% participación]],IF(AND(K122>0,O122<>"Ejecución"),"-","")) | N122: =+IF(M122="No",1,IF(M122="Si","Ingrese %","")) | O122: Ejecución
A123: 10 | B123: ICBF | C123: Público | G123: =IF(AND(E123<>"",F123<>""),((F123-E123)/30),"") | L123: =+IF(AND(K123>0,O123="Ejecución"),(K123/877802)*Tabla286[[#This Row],[% participación]],IF(AND(K123>0,O123<>"Ejecución"),"-","")) | N123: =+IF(M123="No",1,IF(M123="Si","Ingrese %","")) | O123: Ejecución
A124: 11 | B124: ICBF | C124: Público | G124: =IF(AND(E124<>"",F124<>""),((F124-E124)/30),"") | L124: =+IF(AND(K124>0,O124="Ejecución"),(K124/877802)*Tabla286[[#This Row],[% participación]],IF(AND(K124>0,O124<>"Ejecución"),"-","")) | N124: =+IF(M124="No",1,IF(M124="Si","Ingrese %","")) | O124: Ejecución
A125: 12 | B125: ICBF | C125: Público | G125: =IF(AND(E125<>"",F125<>""),((F125-E125)/30),"") | L125: =+IF(AND(K125>0,O125="Ejecución"),(K125/877802)*Tabla286[[#This Row],[% participación]],IF(AND(K125>0,O125<>"Ejecución"),"-","")) | N125: =+IF(M125="No",1,IF(M125="Si","Ingrese %","")) | O125: Ejecución
A126: 13 | B126: ICBF | C126: Público | G126: =IF(AND(E126<>"",F126<>""),((F126-E126)/30),"") | L126: =+IF(AND(K126>0,O126="Ejecución"),(K126/877802)*Tabla286[[#This Row],[% participación]],IF(AND(K126>0,O126<>"Ejecución"),"-","")) | N126: =+IF(M126="No",1,IF(M126="Si","Ingrese %","")) | O126: Ejecución
A127: 14 | B127: ICBF | C127: Público | G127: =IF(AND(E127<>"",F127<>""),((F127-E127)/30),"") | L127: =+IF(AND(K127>0,O127="Ejecución"),(K127/877802)*Tabla286[[#This Row],[% participación]],IF(AND(K127>0,O127<>"Ejecución"),"-","")) | N127: =+IF(M127="No",1,IF(M127="Si","Ingrese %","")) | O127: Ejecución
... A134: 21 | B134: ICBF | C134: Público | G134: =IF(AND(E134<>"",F134<>""),((F134-E134)/30),"") | L134: =+IF(AND(K134>0,O134="Ejecución"),(K134/877802)*Tabla286[[#This Row],[% participación]],IF(AND(K134>0,O134<>"Ejecución"),"-","")) | N134: =+IF(M134="No",1,IF(M134="Si","Ingrese %","")) | O134: Ejecución
A135: 22 | B135: ICBF | C135: Público | G135: =IF(AND(E135<>"",F135<>""),((F135-E135)/30),"") | L135: =+IF(AND(K135>0,O135="Ejecución"),(K135/877802)*Tabla286[[#This Row],[% participación]],IF(AND(K135>0,O135<>"Ejecución"),"-","")) | N135: =+IF(M134="No",1,IF(M134="Si","Ingrese %","")) | O135: Ejecución
A136: 23 | B136: ICBF | C136: Público | G136: =IF(AND(E136<>"",F136<>""),((F136-E136)/30),"") | L136: =+IF(AND(K136>0,O136="Ejecución"),(K136/877802)*Tabla286[[#This Row],[% participación]],IF(AND(K136>0,O136<>"Ejecución"),"-","")) | N136: =+IF(M136="No",1,IF(M136="Si","Ingrese %","")) | O136: Ejecución
A137: 24 | B137: ICBF | C137: Público | G137: =IF(AND(E137<>"",F137<>""),((F137-E137)/30),"") | L137: =+IF(AND(K137>0,O137="Ejecución"),(K137/877802)*Tabla286[[#This Row],[% participación]],IF(AND(K137>0,O137<>"Ejecución"),"-","")) | N137: =+IF(M137="No",1,IF(M137="Si","Ingrese %","")) | O137: Ejecución
A138: 25 | B138: ICBF | C138: Público | G138: =IF(AND(E138<>"",F138<>""),((F138-E138)/30),"") | L138: =+IF(AND(K138>0,O138="Ejecución"),(K138/877802)*Tabla286[[#This Row],[% participación]],IF(AND(K138>0,O138<>"Ejecución"),"-","")) | N138: =+IF(M138="No",1,IF(M138="Si","Ingrese %","")) | O138: Ejecución
A139: 26 | B139: ICBF | C139: Público | G139: =IF(AND(E139<>"",F139<>""),((F139-E139)/30),"") | L139: =+IF(AND(K139>0,O139="Ejecución"),(K139/877802)*Tabla286[[#This Row],[% participación]],IF(AND(K139>0,O139<>"Ejecución"),"-","")) | N139: =+IF(M139="No",1,IF(M139="Si","Ingrese %","")) | O139: Ejecución
A140: 27 | B140: ICBF | C140: Público | G140: =IF(AND(E140<>"",F140<>""),((F140-E140)/30),"") | L140: =+IF(AND(K140>0,O140="Ejecución"),(K140/877802)*Tabla286[[#This Row],[% participación]],IF(AND(K140>0,O140<>"Ejecución"),"-","")) | N140: =+IF(M140="No",1,IF(M140="Si","Ingrese %","")) | O140: Ejecución
A141: 28 | B141: ICBF | C141: Público | G141: =IF(AND(E141<>"",F141<>""),((F141-E141)/30),"") | L141: =+IF(AND(K141>0,O141="Ejecución"),(K141/877802)*Tabla286[[#This Row],[% participación]],IF(AND(K141>0,O141<>"Ejecución"),"-","")) | N141: =+IF(M141="No",1,IF(M141="Si","Ingrese %","")) | O141: Ejecución
A142: 29 | B142: ICBF | C142: Público | G142: =IF(AND(E142<>"",F142<>""),((F142-E142)/30),"") | L142: =+IF(AND(K142>0,O142="Ejecución"),(K142/877802)*Tabla286[[#This Row],[% participación]],IF(AND(K142>0,O142<>"Ejecución"),"-","")) | N142: =+IF(M142="No",1,IF(M142="Si","Ingrese %","")) | O142: Ejecución
A143: 30 | B143: ICBF | C143: Público | G143: =IF(AND(E143<>"",F143<>""),((F143-E143)/30),"") | L143: =+IF(AND(K143>0,O143="Ejecución"),(K143/877802)*Tabla286[[#This Row],[% participación]],IF(AND(K143>0,O143<>"Ejecución"),"-","")) | N143: =+IF(M143="No",1,IF(M143="Si","Ingrese %","")) | O143: Ejecución
A144: 31 | B144: ICBF | C144: Público | G144: =IF(AND(E144<>"",F144<>""),((F144-E144)/30),"") | L144: =+IF(AND(K144>0,O144="Ejecución"),(K144/877802)*Tabla286[[#This Row],[% participación]],IF(AND(K144>0,O144<>"Ejecución"),"-","")) | N144: =+IF(M144="No",1,IF(M144="Si","Ingrese %","")) | O144: Ejecución
A145: 32 | B145: ICBF | C145: Público | G145: =IF(AND(E145<>"",F145<>""),((F145-E145)/30),"") | L145: =+IF(AND(K145>0,O145="Ejecución"),(K145/877802)*Tabla286[[#This Row],[% participación]],IF(AND(K145>0,O145<>"Ejecución"),"-","")) | N145: =+IF(M145="No",1,IF(M145="Si","Ingrese %","")) | O145: Ejecución
A146: 33 | B146: ICBF | C146: Público | G146: =IF(AND(E146<>"",F146<>""),((F146-E146)/30),"") | L146: =+IF(AND(K146>0,O146="Ejecución"),(K146/877802)*Tabla286[[#This Row],[% participación]],IF(AND(K146>0,O146<>"Ejecución"),"-","")) | N146: =+IF(M146="No",1,IF(M146="Si","Ingrese %","")) | O146: Ejecución
A147: 34 | B147: ICBF | C147: Público | G147: =IF(AND(E147<>"",F147<>""),((F147-E147)/30),"") | L147: =+IF(AND(K147>0,O147="Ejecución"),(K147/877802)*Tabla286[[#This Row],[% participación]],IF(AND(K147>0,O147<>"Ejecución"),"-","")) | N147: =+IF(M147="No",1,IF(M147="Si","Ingrese %","")) | O147: Ejecución
... A158: 45 | B158: ICBF | C158: Público | G158: =IF(AND(E158<>"",F158<>""),((F158-E158)/30),"") | L158: =+IF(AND(K158>0,O158="Ejecución"),(K158/877802)*Tabla286[[#This Row],[% participación]],IF(AND(K158>0,O158<>"Ejecución"),"-","")) | N158: =+IF(M158="No",1,IF(M158="Si","Ingrese %","")) | O158: Ejecución
O159: =HYPERLINK("#Integrante_3!A1","INICIO") -> INICIO
A160: TALENTO HUMANO | F160: INFRAESTRUCTURA | I160: DISCAPACIDAD
A161: En esta sección se registrará el cumplimento o no del criterio de Mínimo a contar con el talento humano básico por cada una de las modalidades del servicio y al seleccionar "Si" en la casilla Cumple, usted como Representante legal de la EAS está declarando bajo gravedad de juramento el cumplimento de este requisito. | F161: En esta sección se registrará el cumplimento o no del criterio de Mínimos a contar con la infraestructura básica para la prestación de servicio por cada una de las modalidades del servicio y al seleccionar "Si" en la casilla Cumple, usted como Representante legal de la EAS está declarando bajo gravedad de juramento el cumplimento de este requisito. Este criterio no aplica para la contratación de serviciosasociados a Desarrollo Infantil en Establecimientos de Reclusión – DIER; en este caso, seleccionar N/A. | I161: En esta sección se responderá a la pregunta (Si o No); en caso de seleccionar "Si", el oferente deberá adjuntar copia de la certificación expedida por la persona natural, representante legal de la persona jurídica o el revisor fiscal, que tiene vinculadas personas con discapacidad y la certificación del Ministerio de Trabajo, la cual debe estar vigente al momento de la presentación de la manifestación de interés.
B163: Luego de la validación de los criterios de cumplimiento certifico que: | G163: Luego de la validación de los criterios de cumplimiento certifico que: | I163: ¿Cuenta con el certificado para operar con Talento Humano en condición de discapacidad?
D164: Cumple | G164: Cumple
I165: Recuerde que debe adjuntar en archivo PDF copia de la Resolución nombrado así: Resolución Discapacidad MinTrabajo - "EAS"; en donde "EAS" debe ser el nombre del Oferente.
B166: Consultar maunal operativo | H166: Consultar manual operativo
B167: Verificar el estándar 30 del Manual operativo que corresponda al servicio a contratarse. | F167: Verificar los requisitos del “Componente ambientes educativos y protectores” en el Manual operativo que corresponda al servicio a contratarse.
A170: CONTRAPARTIDA ADICIONAL Y VALOR TÉCNICO AGREGADO
A171: Como oferente usted podrá ofrecer contrapartida adicional y valor técnico agregado. Tenga presente que el porcentaje que ofrezca de forma adicional en contrapartida se tendrá en cuenta para la calificación del Criterio de Contrapartida y el valor que ofrezca en Valor Técnico Agregado se tendrá en cuenta para el criterio de Desempate en caso de presentarse.
B174: CONTRAPARTIDA ADICIONAL | I174: VALOR TÉCNICO AGREGADO | O174: =HYPERLINK("#Integrante_3!A1","INICIO") -> INICIO
B175: Descripción | E175: % Contrapartida | I175: Descripción | M175: % Ofertado
E176: Mínima | F176: Adicional | G176: Total | R176: Total
B177: CONTRAPARTIDA ADICIONAL | E177: 0.02 | G177: =IF(F177>0,SUM(E177+F177),"") | I177: VALOR TÉCNICO AGREGADO | R177: =IF(M177>0,SUM(L177+M177),"")
B178: Vinculación de Talento humano adicional | E178: 0.02 | G178: =IF(F178>0,SUM(E178+F178),"") | I178: Logística taller de sensibilizacón a comités de Control social (mínimo 2% - máximo 5%) | L178: 0.02 | N178: =IF(M178>0,SUM(L178+M178),"")
B179: Contrapartida en equipos de medición | E179: 0.02 | G179: =IF(F179>0,SUM(E179+F179),"") | I179: Kit de Control social (mínimo 2% - máximo 5%) | L179: 0.02 | N179: =IF(M179>0,SUM(L179+M179),"")
B180: Contrapartida de bienes y servicios | E180: 0.03 | G180: =IF(F180>0,SUM(E180+F180),"") | I180: Plan de comunicación para promoción del Control social (mínimo 2% - máximo 5%) | L180: 0.02 | N180: =IF(M180>0,SUM(L180+M180),"")
I181: Valor agregado de cualificación del talento humano (mínimo 2% - máximo 5%) | L181: 0.02 | N181: =IF(M181>0,SUM(L181+M181),"")
B182: Nota: Favor tener presente que este porcentaje es adicional al porcentaje mínimo requerido en el BNOPI, el cual es del 2%; es decir, el valor que se ingrese se sumará a ese 2% para la Contrapartida.
B183: Tenga en cuenta que el porcentaje de la Contrapartida total | C183: =+SUM(G177:G180) -> 0 | D183: que es igual a | E183: =+(C183*SUM(K20:K35)) -> 0 | I183: Tenga en cuenta que el porcentaje de la Contrapartida total | J183: =M177 -> 0 | K183: que es igual a | M183: =+J183*K20 -> 0
I184: Nota: El porcentaje ofertado se debe encontrar entre el 2% y el 5%
...

Sheet Integrante_4
C2: MANIFESTACIÓN DE INTERÉS PARA LA SELECCIÓN DE OFERENTES EN CONTRATOS DE APORTE DE SERVICIOS DE ATENCIÓN A LA PRIMERA INFANCIA | L2: DOCUMENTO EN REVISIÓN | N2: FECH A PENDIENTE
L3: Versión 1 | N3: Página 1 de 3
L4: Clasificación de la Información: Pública | P4: =NOW() -> 44194.997
A6: VÍNCULOS
B8: =HYPERLINK("#Integrante_4!B20","IDENTIFICACIÓN DEL OFERENTE") -> IDENTIFICACIÓN DEL OFERENTE | E8: =HYPERLINK("#Integrante_4!A109","CAPACIDAD RESIDUAL") -> CAPACIDAD RESIDUAL | I8: =HYPERLINK("#Integrante_4!N162","DISCAPACIDAD") -> DISCAPACIDAD | K8: =HYPERLINK("#Integrante_4!A188","TRAYECTORIA") -> TRAYECTORIA
B9: =HYPERLINK("#Integrante_4!I20","DATOS CONTRATO INVITACIÓN") -> DATOS CONTRATO INVITACIÓN | E9: =HYPERLINK("#Integrante_4!A162","TALENTO HUMANO") -> TALENTO HUMANO | I9: =HYPERLINK("#Integrante_4!B176","CONTRAPARTIDA ADICIONAL") -> CONTRAPARTIDA ADICIONAL | K9: =HYPERLINK("#Integrante_4!A199","ACEPTACIÓN") -> ACEPTACIÓN
B10: =HYPERLINK("#Integrante_4!B48","EXPERIENCIA TERRITORIAL") -> EXPERIENCIA TERRITORIAL | E10: =HYPERLINK("#Integrante_4!F162","INFRAESTRUCTURA") -> INFRAESTRUCTURA | I10: =HYPERLINK("#Integrante_4!L176","VALOR TÉCNICO AGREGADO") -> VALOR TÉCNICO AGREGADO
C14: DP_Asunto_ManifestacionInteres_No
B15: Asunto: Manifestación de interés No | G15: Regional ICBF: | I15: Tipo de Oferente: | J15: Plural | L15: % participación
A17: IDENTIFICACIÓN DEL OFERENTE | H17: DATOS CONTRATO DE LA INVITACIÓN
B19: NIT (Sin dígito de verificación): | E19: NIT UT o Consorcio | H19: Datos básicos del contrato relacionado con la Manifestación de interés del Asunto | I19: Departamento | J19: Municipio | K19: Valor invitación | L19: Fecha inicio | M19: Fecha final | N19: Tiempo ejecución (meses)
E20: Nombre UT o Consorcio | N20: =+(M20-L20)/30 -> 0 | V20: =NOW() -> 44194.997 | W20: =NOW() -> 44194.997
N21: =+(M21-L21)/30 -> 0
N22: =+(M22-L22)/30 -> 0
N23: =+(M23-L23)/30 -> 0
N24: =+(M24-L24)/30 -> 0
N25: =+(M25-L25)/30 -> 0
N26: =+(M26-L26)/30 -> 0
N27: =+(M27-L27)/30 -> 0
N28: =+(M28-L28)/30 -> 0
N29: =+(M29-L29)/30 -> 0
N30: =+(M30-L30)/30 -> 0
N31: =+(M31-L31)/30 -> 0
N32: =+(M32-L32)/30 -> 0
... N35: =+(M35-L35)/30 -> 0
B37: Razón Social:
B38: =VLOOKUP(B20,EAS!A2:B1439,2,0) -> #N/A | I38: Objeto del contrato
A41: REGISTRO DE INFORMACIÓN PARA CADA UNO DE LOS CRITERIOS DE LA MANIFESTACIÓN DE INTERÉS
A43: EXPERIENCIA TERRITORIAL
A44: En esta sección se registrará la información que corresponde a la Experiencia del Oferente y deberá adjuntar la declaración juramentada suscrita por el representante legal, en la cual relacione los contratos ejecutados y terminados con el sector público y privado.
I46: Lugar de ejecución
A47: No. | B47: Entidad contratante | C47: Sector | D47: Número de contrato | E47: Fecha Inicio (dd/mm/aaaa) | F47: Fecha terminación (dd/mm/aaaa) | G47: Experiencia (meses) | H47: Objeto del contrato | I47: Departamento | J47: Municipio | K47: Valor del contrato | L47: Unión Temporal / Consorcio | M47: % participación | N47: Estado | O47: Experiencia Registrada para habilitación en banco
A48: 1 | G48: =IF(AND(E48<>"",F48<>""),((F48-E48)/30),"")
A49: 2 | G49: =IF(AND(E49<>"",F49<>""),((F49-E49)/30),"")
A50: 3 | G50: =IF(AND(E50<>"",F50<>""),((F50-E50)/30),"")
A51: 4 | G51: =IF(AND(E51<>"",F51<>""),((F51-E51)/30),"")
A52: 5 | G52: =IF(AND(E52<>"",F52<>""),((F52-E52)/30),"")
A53: 6 | G53: =IF(AND(E53<>"",F53<>""),((F53-E53)/30),"")
A54: 7 | G54: =IF(AND(E54<>"",F54<>""),((F54-E54)/30),"")
A55: 8 | G55: =IF(AND(E55<>"",F55<>""),((F55-E55)/30),"")
A56: 9 | G56: =IF(AND(E56<>"",F56<>""),((F56-E56)/30),"")
A57: 10 | G57: =IF(AND(E57<>"",F57<>""),((F57-E57)/30),"")
A58: 11 | G58: =IF(AND(E58<>"",F58<>""),((F58-E58)/30),"")
A59: 12 | G59: =IF(AND(E59<>"",F59<>""),((F59-E59)/30),"")
... A107: 60 | G107: =IF(AND(E107<>"",F107<>""),((F107-E107)/30),"")
O108: =HYPERLINK("#Integrante_4!A1","INICIO") -> INICIO
A109: CAPACIDAD RESIDUAL
A110: En esta sección se registrará la información que corresponde a la Experiencia del Oferente de los contratos que se encuentren en ejecución. Este requisito se verificará a través de una declaración juramentada suscrita por el representante legal, en la cual reporte los contratos que se encuentren en ejecución con el ICBF.
I112: Lugar de ejecución
A113: No. | B113: Entidad contratante | C113: Sector | D113: Número de contrato | E113: Fecha Inicio (dd/mm/aaaa) | F113: Fecha terminación (dd/mm/aaaa) | G113: Experiencia (meses) | H113: Objeto del contrato | I113: Departamento | J113: Municipio | K113: Valor del contrato | L113: Valor en SMMLV | M113: Unión Temporal / Consorcio | N113: % participación | O113: Estado
A114: 1 | B114: ICBF | C114: Público | G114: =IF(AND(E114<>"",F114<>""),((F114-E114)/30),"") | L114: =+IF(AND(K114>0,O114="Ejecución"),(K114/877802)*Tabla289[[#This Row],[% participación]],IF(AND(K114>0,O114<>"Ejecución"),"-","")) | N114: =+IF(M116="No",1,IF(M116="Si","Ingrese %","")) | O114: Ejecución
A115: 2 | B115: ICBF | C115: Público | G115: =IF(AND(E115<>"",F115<>""),((F115-E115)/30),"") | L115: =+IF(AND(K115>0,O115="Ejecución"),(K115/877802)*Tabla289[[#This Row],[% participación]],IF(AND(K115>0,O115<>"Ejecución"),"-","")) | N115: =+IF(M116="No",1,IF(M116="Si","Ingrese %","")) | O115: Ejecución
A116: 3 | B116: ICBF | C116: Público | G116: =IF(AND(E116<>"",F116<>""),((F116-E116)/30),"") | L116: =+IF(AND(K116>0,O116="Ejecución"),(K116/877802)*Tabla289[[#This Row],[% participación]],IF(AND(K116>0,O116<>"Ejecución"),"-","")) | N116: =+IF(M116="No",1,IF(M116="Si","Ingrese %","")) | O116: Ejecución
A117: 4 | B117: ICBF | C117: Público | G117: =IF(AND(E117<>"",F117<>""),((F117-E117)/30),"") | L117: =+IF(AND(K117>0,O117="Ejecución"),(K117/877802)*Tabla289[[#This Row],[% participación]],IF(AND(K117>0,O117<>"Ejecución"),"-","")) | N117: =+IF(M117="No",1,IF(M117="Si","Ingrese %","")) | O117: Ejecución
A118: 5 | B118: ICBF | C118: Público | G118: =IF(AND(E118<>"",F118<>""),((F118-E118)/30),"") | L118: =+IF(AND(K118>0,O118="Ejecución"),(K118/877802)*Tabla289[[#This Row],[% participación]],IF(AND(K118>0,O118<>"Ejecución"),"-","")) | N118: =+IF(M118="No",1,IF(M118="Si","Ingrese %","")) | O118: Ejecución
A119: 6 | B119: ICBF | C119: Público | G119: =IF(AND(E119<>"",F119<>""),((F119-E119)/30),"") | L119: =+IF(AND(K119>0,O119="Ejecución"),(K119/877802)*Tabla289[[#This Row],[% participación]],IF(AND(K119>0,O119<>"Ejecución"),"-","")) | N119: =+IF(M119="No",1,IF(M119="Si","Ingrese %","")) | O119: Ejecución
A120: 7 | B120: ICBF | C120: Público | G120: =IF(AND(E120<>"",F120<>""),((F120-E120)/30),"") | L120: =+IF(AND(K120>0,O120="Ejecución"),(K120/877802)*Tabla289[[#This Row],[% participación]],IF(AND(K120>0,O120<>"Ejecución"),"-","")) | N120: =+IF(M120="No",1,IF(M120="Si","Ingrese %","")) | O120: Ejecución
A121: 8 | B121: ICBF | C121: Público | G121: =IF(AND(E121<>"",F121<>""),((F121-E121)/30),"") | L121: =+IF(AND(K121>0,O121="Ejecución"),(K121/877802)*Tabla289[[#This Row],[% participación]],IF(AND(K121>0,O121<>"Ejecución"),"-","")) | N121: =+IF(M121="No",1,IF(M121="Si","Ingrese %","")) | O121: Ejecución
A122: 9 | B122: ICBF | C122: Público | G122: =IF(AND(E122<>"",F122<>""),((F122-E122)/30),"") | L122: =+IF(AND(K122>0,O122="Ejecución"),(K122/877802)*Tabla289[[#This Row],[% participación]],IF(AND(K122>0,O122<>"Ejecución"),"-","")) | N122: =+IF(M122="No",1,IF(M122="Si","Ingrese %","")) | O122: Ejecución
A123: 10 | B123: ICBF | C123: Público | G123: =IF(AND(E123<>"",F123<>""),((F123-E123)/30),"") | L123: =+IF(AND(K123>0,O123="Ejecución"),(K123/877802)*Tabla289[[#This Row],[% participación]],IF(AND(K123>0,O123<>"Ejecución"),"-","")) | N123: =+IF(M123="No",1,IF(M123="Si","Ingrese %","")) | O123: Ejecución
A124: 11 | B124: ICBF | C124: Público | G124: =IF(AND(E124<>"",F124<>""),((F124-E124)/30),"") | L124: =+IF(AND(K124>0,O124="Ejecución"),(K124/877802)*Tabla289[[#This Row],[% participación]],IF(AND(K124>0,O124<>"Ejecución"),"-","")) | N124: =+IF(M124="No",1,IF(M124="Si","Ingrese %","")) | O124: Ejecución
A125: 12 | B125: ICBF | C125: Público | G125: =IF(AND(E125<>"",F125<>""),((F125-E125)/30),"") | L125: =+IF(AND(K125>0,O125="Ejecución"),(K125/877802)*Tabla289[[#This Row],[% participación]],IF(AND(K125>0,O125<>"Ejecución"),"-","")) | N125: =+IF(M125="No",1,IF(M125="Si","Ingrese %","")) | O125: Ejecución
A126: 13 | B126: ICBF | C126: Público | G126: =IF(AND(E126<>"",F126<>""),((F126-E126)/30),"") | L126: =+IF(AND(K126>0,O126="Ejecución"),(K126/877802)*Tabla289[[#This Row],[% participación]],IF(AND(K126>0,O126<>"Ejecución"),"-","")) | N126: =+IF(M126="No",1,IF(M126="Si","Ingrese %","")) | O126: Ejecución
A127: 14 | B127: ICBF | C127: Público | G127: =IF(AND(E127<>"",F127<>""),((F127-E127)/30),"") | L127: =+IF(AND(K127>0,O127="Ejecución"),(K127/877802)*Tabla289[[#This Row],[% participación]],IF(AND(K127>0,O127<>"Ejecución"),"-","")) | N127: =+IF(M127="No",1,IF(M127="Si","Ingrese %","")) | O127: Ejecución
... A160: 47 | B160: ICBF | C160: Público | G160: =IF(AND(E160<>"",F160<>""),((F160-E160)/30),"") | L160: =+IF(AND(K160>0,O160="Ejecución"),(K160/877802)*Tabla289[[#This Row],[% participación]],IF(AND(K160>0,O160<>"Ejecución"),"-","")) | N160: =+IF(M160="No",1,IF(M160="Si","Ingrese %","")) | O160: Ejecución
O161: =HYPERLINK("#Integrante_4!A1","INICIO") -> INICIO
A162: TALENTO HUMANO | F162: INFRAESTRUCTURA | I162: DISCAPACIDAD
A163: En esta sección se registrará el cumplimento o no del criterio de Mínimo a contar con el talento humano básico por cada una de las modalidades del servicio y al seleccionar "Si" en la casilla Cumple, usted como Representante legal de la EAS está declarando bajo gravedad de juramento el cumplimento de este requisito. | F163: En esta sección se registrará el cumplimento o no del criterio de Mínimos a contar con la infraestructura básica para la prestación de servicio por cada una de las modalidades del servicio y al seleccionar "Si" en la casilla Cumple, usted como Representante legal de la EAS está declarando bajo gravedad de juramento el cumplimento de este requisito. Este criterio no aplica para la contratación de serviciosasociados a Desarrollo Infantil en Establecimientos de Reclusión – DIER; en este caso, seleccionar N/A. | I163: En esta sección se responderá a la pregunta (Si o No); en caso de seleccionar "Si", el oferente deberá adjuntar copia de la certificación expedida por la persona natural, representante legal de la persona jurídica o el revisor fiscal, que tiene vinculadas personas con discapacidad y la certificación del Ministerio de Trabajo, la cual debe estar vigente al momento de la presentación de la manifestación de interés.
B165: Luego de la validación de los criterios de cumplimiento certifico que: | G165: Luego de la validación de los criterios de cumplimiento certifico que: | I165: ¿Cuenta con el certificado para operar con Talento Humano en condición de discapacidad?
D166: Cumple | G166: Cumple
I167: Recuerde que debe adjuntar en archivo PDF copia de la Resolución nombrado así: Resolución Discapacidad MinTrabajo - "EAS"; en donde "EAS" debe ser el nombre del Oferente.
B168: Consultar maunal operativo | H168: Consultar manual operativo
B169: Verificar el estándar 30 del Manual operativo que corresponda al servicio a contratarse. | F169: Verificar los requisitos del “Componente ambientes educativos y protectores” en el Manual operativo que corresponda al servicio a contratarse.
A172: CONTRAPARTIDA ADICIONAL Y VALOR TÉCNICO AGREGADO
A173: Como oferente usted podrá ofrecer contrapartida adicional y valor técnico agregado. Tenga presente que el porcentaje que ofrezca de forma adicional en contrapartida se tendrá en cuenta para la calificación del Criterio de Contrapartida y el valor que ofrezca en Valor Técnico Agregado se tendrá en cuenta para el criterio de Desempate en caso de presentarse.
B176: CONTRAPARTIDA ADICIONAL | I176: VALOR TÉCNICO AGREGADO | O176: =HYPERLINK("#Integrante_4!A1","INICIO") -> INICIO
B177: Descripción | E177: % Contrapartida | I177: Descripción | M177: % Ofertado
E178: Mínima | F178: Adicional | G178: Total | R178: Total
B179: CONTRAPARTIDA ADICIONAL | E179: 0.02 | G179: =IF(F179>0,SUM(E179+F179),"") | I179: VALOR TÉCNICO AGREGADO | R179: =IF(M179>0,SUM(L179+M179),"")
B180: Vinculación de Talento humano adicional | E180: 0.02 | G180: =IF(F180>0,SUM(E180+F180),"") | I180: Logística taller de sensibilizacón a comités de Control social (mínimo 2% - máximo 5%) | L180: 0.02 | N180: =IF(M180>0,SUM(L180+M180),"")
B181: Contrapartida en equipos de medición | E181: 0.02 | G181: =IF(F181>0,SUM(E181+F181),"") | I181: Kit de Control social (mínimo 2% - máximo 5%) | L181: 0.02 | N181: =IF(M181>0,SUM(L181+M181),"")
B182: Contrapartida de bienes y servicios | E182: 0.03 | G182: =IF(F182>0,SUM(E182+F182),"") | I182: Plan de comunicación para promoción del Control social (mínimo 2% - máximo 5%) | L182: 0.02 | N182: =IF(M182>0,SUM(L182+M182),"")
I183: Valor agregado de cualificación del talento humano (mínimo 2% - máximo 5%) | L183: 0.02 | N183: =IF(M183>0,SUM(L183+M183),"")
B184: Nota: Favor tener presente que este porcentaje es adicional al porcentaje mínimo requerido en el BNOPI, el cual es del 2%; es decir, el valor que se ingrese se sumará a ese 2% para la Contrapartida.
B185: Tenga en cuenta que el porcentaje de la Contrapartida total | C185: =+SUM(G179:G182) -> 0 | D185: que es igual a | E185: =+(C185*SUM(K20:K35)) -> 0 | I185: Tenga en cuenta que el porcentaje de la Contrapartida total | J185: =M179 -> 0 | K185: que es igual a | M185: =+J185*K20 -> 0
I186: Nota: El porcentaje ofertado se debe encontrar entre el 2% y el 5%
A188: TRAYECTORIA
A189: Para este criterio se verificará el documento de personería jurídica (se revisa la fecha de reconocimiento) y declaración juramentada con la relación de contratos (se toma la fecha del primer contrato para calcular la trayectoria) firmada por representante legal y revisor fiscal (cuando aplique).
B192: Fecha Personería Juridica (dd/mm/aaaa) | E192: # Resolución | H192: Representante Legal | J192: Fecha inicio Contrato más antiguo con el SNBF (dd/mm/aaaa)
B194: Recuerde adjuntar el documento declaración juramentada
A197: ACEPTACIÓN
O198: =HYPERLINK("#Integrante_4!A1","INICIO") -> INICIO
B199: Así mismo, bajo la gravedad de Juramento, el suscrito declara que: 1. Tengo poder o representación legal para firmar y presentar la manifestación de interés. 2. Esta aceptación de manifestación de interés, compromete totalmente a la persona jurídica que legalmente represento. 3. He estudiado cuidadosamente los documentos que hacen parte del proceso de la invitación a manifestar interés según el Asunto, renunciando así a cualquier reclamación por desconocimiento o errónea interpretación de los mismos. 4. He revisado, leído detenidamente las condiciones de la Invitación a Manifestar intereses según el Asunto por lo que manifiesto que he entendido y las he aceptado por ello expreso que no continente ningún error u omisión. 5. La entidad que represento no está incurso en causal alguna de liquidación o disolución. 6. Reconozco la responsabilidad que me concierne en el sentido de conocer todas las características y especificaciones de la prestación del servicio. Me obligo en el evento de resultar seleccionado para contratar con su regional a asumir y garantizar todas las condiciones requeridas para la prestación del servicio contempladas en el invitación del asunto. 7. Manifiesto que la información suministrada es veraz y no fija condiciones artificiales con el propósito de ser seleccionado. 8. Acepto y autorizo al ICBF para que verifique la información aportada con esta aceptación de manifestación de interés. 9. Acepto que la presentación de requisitos para ser seleccionado no genera para el ICBF la obligación alguna de suscribir contrato. 10. Acepto y autorizo al ICBF envié información y notificaciones por el correo electrónico que se señala al final del documento. 11. Manifiesto y declaro que nuestra aceptación de manifestación de interés no contienen ningún tipo de información confidencial o privada de acuerdo a la Ley Colombiana y en consecuencia, consideramos que el ICBF se encuentra facultado para revelar dicha información sin reserva alguna, a partir de la fecha de cierre del proceso de manifestación de interese, a sus funcionarios, a los demás participantes en el proceso. 12. Declaro que la información aquí suministrada es auténtica, veraz, completa, exacta, actualizada y legalmente obtenida. Por lo anterior, cualquier error en la información suministrada será de mi única y exclusiva responsabilidad, asumiéndola por los daños y perjuicios que pudiera ocasionar, como consecuencia de entregar o aportar información falsa, incompleta o inexacta, lo que exonera al ICBF de su responsabilidad ante cualquier operador o usuario final, en consecuencia, me someto a las responsabilidades administrativas y/o penales que la legislación colombiana tenga previstas para el efecto y que se deriven de cualquier reticencia o ausencia de integridad o de veracidad de la información. Declaro que he leído cuidadosamente el contenido de los documentos y haberlo comprendido a cabalidad, razón por la cual entiendo sus alcances, sus implicaciones y autorizo el uso de mi información para los fines mencionados.
B201: Adjuntar declaración juramentada en la cual se relacionan los contratos en ejecución, para poder efectuar la verificación.
B202: Adjuntar copia de la certificación expedida por la persona natural, representante legal de la persona jurídica o el revisor fiscal, que tiene vinculadas personas con discapacidad y la certificación del Ministerio de Trabajo, la cual debe estar vigente al momento de la presentación de la manifestación de interés.
B204: Adjuntar todos los soportes y declaraciones juramentadas solicitadas por la entidad.
B211: Firma | G211: Dirección comercial | J211: Domicilio Legal
B212: Nombre Representante legal | G212: Teléfono y Fax | J212: Correo electrónico

Sheet Integrante_5
C2: MANIFESTACIÓN DE INTERÉS PARA LA SELECCIÓN DE OFERENTES EN CONTRATOS DE APORTE DE SERVICIOS DE ATENCIÓN A LA PRIMERA INFANCIA | L2: DOCUMENTO EN REVISIÓN | N2: FECH A PENDIENTE
L3: Versión 1 | N3: Página 1 de 3
L4: Clasificación de la Información: Pública | P4: =NOW() -> 44194.997
A6: VÍNCULOS
B8: =HYPERLINK("#Integrante_5!B20","IDENTIFICACIÓN DEL OFERENTE") -> IDENTIFICACIÓN DEL OFERENTE | E8: =HYPERLINK("#Integrante_5!A109","CAPACIDAD RESIDUAL") -> CAPACIDAD RESIDUAL | I8: =HYPERLINK("#Integrante_5!N162","DISCAPACIDAD") -> DISCAPACIDAD | K8: =HYPERLINK("#Integrante_5!A188","TRAYECTORIA") -> TRAYECTORIA
B9: =HYPERLINK("#Integrante_5!I20","DATOS CONTRATO INVITACIÓN") -> DATOS CONTRATO INVITACIÓN | E9: =HYPERLINK("#Integrante_5!A162","TALENTO HUMANO") -> TALENTO HUMANO | I9: =HYPERLINK("#Integrante_5!B176","CONTRAPARTIDA ADICIONAL") -> CONTRAPARTIDA ADICIONAL | K9: =HYPERLINK("#Integrante_5!A199","ACEPTACIÓN") -> ACEPTACIÓN
B10: =HYPERLINK("#Integrante_5!B48","EXPERIENCIA TERRITORIAL") -> EXPERIENCIA TERRITORIAL | E10: =HYPERLINK("#Integrante_5!F162","INFRAESTRUCTURA") -> INFRAESTRUCTURA | I10: =HYPERLINK("#Integrante_5!L176","VALOR TÉCNICO AGREGADO") -> VALOR TÉCNICO AGREGADO
C14: DP_Asunto_ManifestacionInteres_No
B15: Asunto: Manifestación de interés No | G15: Regional ICBF: | I15: Tipo de Oferente: | J15: Plural | L15: % participación
A17: IDENTIFICACIÓN DEL OFERENTE | H17: DATOS CONTRATO DE LA INVITACIÓN
B19: NIT (Sin dígito de verificación): | E19: NIT UT o Consorcio | H19: Datos básicos del contrato relacionado con la Manifestación de interés del Asunto | I19: Departamento | J19: Municipio | K19: Valor invitación | L19: Fecha inicio | M19: Fecha final | N19: Tiempo ejecución (meses)
E20: Nombre UT o Consorcio | N20: =+(M20-L20)/30 -> 0 | V20: =NOW() -> 44194.997 | W20: =NOW() -> 44194.997
N21: =+(M21-L21)/30 -> 0
N22: =+(M22-L22)/30 -> 0
N23: =+(M23-L23)/30 -> 0
N24: =+(M24-L24)/30 -> 0
N25: =+(M25-L25)/30 -> 0
N26: =+(M26-L26)/30 -> 0
N27: =+(M27-L27)/30 -> 0
N28: =+(M28-L28)/30 -> 0
N29: =+(M29-L29)/30 -> 0
N30: =+(M30-L30)/30 -> 0
N31: =+(M31-L31)/30 -> 0
N32: =+(M32-L32)/30 -> 0
... N35: =+(M35-L35)/30 -> 0
B37: Razón Social:
B38: =VLOOKUP(B20,EAS!A2:B1439,2,0) -> #N/A | I38: Objeto del contrato
A41: REGISTRO DE INFORMACIÓN PARA CADA UNO DE LOS CRITERIOS DE LA MANIFESTACIÓN DE INTERÉS
A43: EXPERIENCIA TERRITORIAL
A44: En esta sección se registrará la información que corresponde a la Experiencia del Oferente y deberá adjuntar la declaración juramentada suscrita por el representante legal, en la cual relacione los contratos ejecutados y terminados con el sector público y privado.
I46: Lugar de ejecución
A47: No. | B47: Entidad contratante | C47: Sector | D47: Número de contrato | E47: Fecha Inicio (dd/mm/aaaa) | F47: Fecha terminación (dd/mm/aaaa) | G47: Experiencia (meses) | H47: Objeto del contrato | I47: Departamento | J47: Municipio | K47: Valor del contrato | L47: Unión Temporal / Consorcio | M47: % participación | N47: Estado | O47: Experiencia Registrada para habilitación en banco
A48: 1 | G48: =IF(AND(E48<>"",F48<>""),((F48-E48)/30),"")
A49: 2 | G49: =IF(AND(E49<>"",F49<>""),((F49-E49)/30),"")
A50: 3 | G50: =IF(AND(E50<>"",F50<>""),((F50-E50)/30),"")
A51: 4 | G51: =IF(AND(E51<>"",F51<>""),((F51-E51)/30),"")
A52: 5 | G52: =IF(AND(E52<>"",F52<>""),((F52-E52)/30),"")
A53: 6 | G53: =IF(AND(E53<>"",F53<>""),((F53-E53)/30),"")
A54: 7 | G54: =IF(AND(E54<>"",F54<>""),((F54-E54)/30),"")
A55: 8 | G55: =IF(AND(E55<>"",F55<>""),((F55-E55)/30),"")
A56: 9 | G56: =IF(AND(E56<>"",F56<>""),((F56-E56)/30),"")
A57: 10 | G57: =IF(AND(E57<>"",F57<>""),((F57-E57)/30),"")
A58: 11 | G58: =IF(AND(E58<>"",F58<>""),((F58-E58)/30),"")
A59: 12 | G59: =IF(AND(E59<>"",F59<>""),((F59-E59)/30),"")
... A107: 60 | G107: =IF(AND(E107<>"",F107<>""),((F107-E107)/30),"")
O108: =HYPERLINK("#Integrante_5!A1","INICIO") -> INICIO
A109: CAPACIDAD RESIDUAL
A110: En esta sección se registrará la información que corresponde a la Experiencia del Oferente de los contratos que se encuentren en ejecución. Este requisito se verificará a través de una declaración juramentada suscrita por el representante legal, en la cual reporte los contratos que se encuentren en ejecución con el ICBF.
I112: Lugar de ejecución
A113: No. | B113: Entidad contratante | C113: Sector | D113: Número de contrato | E113: Fecha Inicio (dd/mm/aaaa) | F113: Fecha terminación (dd/mm/aaaa) | G113: Experiencia (meses) | H113: Objeto del contrato | I113: Departamento | J113: Municipio | K113: Valor del contrato | L113: Valor en SMMLV | M113: Unión Temporal / Consorcio | N113: % participación | O113: Estado
A114: 1 | B114: ICBF | C114: Público | G114: =IF(AND(E114<>"",F114<>""),((F114-E114)/30),"") | L114: =+IF(AND(K114>0,O114="Ejecución"),(K114/877802)*Tabla2812[[#This Row],[% participación]],IF(AND(K114>0,O114<>"Ejecución"),"-","")) | N114: =+IF(M142="No",1,IF(M142="Si","Ingrese %","")) | O114: Ejecución
A115: 2 | B115: ICBF | C115: Público | G115: =IF(AND(E115<>"",F115<>""),((F115-E115)/30),"") | L115: =+IF(AND(K115>0,O115="Ejecución"),(K115/877802)*Tabla2812[[#This Row],[% participación]],IF(AND(K115>0,O115<>"Ejecución"),"-","")) | N115: =+IF(M142="No",1,IF(M142="Si","Ingrese %","")) | O115: Ejecución
A116: 3 | B116: ICBF | C116: Público | G116: =IF(AND(E116<>"",F116<>""),((F116-E116)/30),"") | L116: =+IF(AND(K116>0,O116="Ejecución"),(K116/877802)*Tabla2812[[#This Row],[% participación]],IF(AND(K116>0,O116<>"Ejecución"),"-","")) | N116: =+IF(M116="No",1,IF(M116="Si","Ingrese %","")) | O116: Ejecución
A117: 4 | B117: ICBF | C117: Público | G117: =IF(AND(E117<>"",F117<>""),((F117-E117)/30),"") | L117: =+IF(AND(K117>0,O117="Ejecución"),(K117/877802)*Tabla2812[[#This Row],[% participación]],IF(AND(K117>0,O117<>"Ejecución"),"-","")) | N117: =+IF(M117="No",1,IF(M117="Si","Ingrese %","")) | O117: Ejecución
A118: 5 | B118: ICBF | C118: Público | G118: =IF(AND(E118<>"",F118<>""),((F118-E118)/30),"") | L118: =+IF(AND(K118>0,O118="Ejecución"),(K118/877802)*Tabla2812[[#This Row],[% participación]],IF(AND(K118>0,O118<>"Ejecución"),"-","")) | N118: =+IF(M118="No",1,IF(M118="Si","Ingrese %","")) | O118: Ejecución
A119: 6 | B119: ICBF | C119: Público | G119: =IF(AND(E119<>"",F119<>""),((F119-E119)/30),"") | L119: =+IF(AND(K119>0,O119="Ejecución"),(K119/877802)*Tabla2812[[#This Row],[% participación]],IF(AND(K119>0,O119<>"Ejecución"),"-","")) | N119: =+IF(M119="No",1,IF(M119="Si","Ingrese %","")) | O119: Ejecución
A120: 7 | B120: ICBF | C120: Público | G120: =IF(AND(E120<>"",F120<>""),((F120-E120)/30),"") | L120: =+IF(AND(K120>0,O120="Ejecución"),(K120/877802)*Tabla2812[[#This Row],[% participación]],IF(AND(K120>0,O120<>"Ejecución"),"-","")) | N120: =+IF(M120="No",1,IF(M120="Si","Ingrese %","")) | O120: Ejecución
A121: 8 | B121: ICBF | C121: Público | G121: =IF(AND(E121<>"",F121<>""),((F121-E121)/30),"") | L121: =+IF(AND(K121>0,O121="Ejecución"),(K121/877802)*Tabla2812[[#This Row],[% participación]],IF(AND(K121>0,O121<>"Ejecución"),"-","")) | N121: =+IF(M121="No",1,IF(M121="Si","Ingrese %","")) | O121: Ejecución
A122: 9 | B122: ICBF | C122: Público | G122: =IF(AND(E122<>"",F122<>""),((F122-E122)/30),"") | L122: =+IF(AND(K122>0,O122="Ejecución"),(K122/877802)*Tabla2812[[#This Row],[% participación]],IF(AND(K122>0,O122<>"Ejecución"),"-","")) | N122: =+IF(M122="No",1,IF(M122="Si","Ingrese %","")) | O122: Ejecución
A123: 10 | B123: ICBF | C123: Público | G123: =IF(AND(E123<>"",F123<>""),((F123-E123)/30),"") | L123: =+IF(AND(K123>0,O123="Ejecución"),(K123/877802)*Tabla2812[[#This Row],[% participación]],IF(AND(K123>0,O123<>"Ejecución"),"-","")) | N123: =+IF(M123="No",1,IF(M123="Si","Ingrese %","")) | O123: Ejecución
A124: 11 | B124: ICBF | C124: Público | G124: =IF(AND(E124<>"",F124<>""),((F124-E124)/30),"") | L124: =+IF(AND(K124>0,O124="Ejecución"),(K124/877802)*Tabla2812[[#This Row],[% participación]],IF(AND(K124>0,O124<>"Ejecución"),"-","")) | N124: =+IF(M124="No",1,IF(M124="Si","Ingrese %","")) | O124: Ejecución
A125: 12 | B125: ICBF | C125: Público | G125: =IF(AND(E125<>"",F125<>""),((F125-E125)/30),"") | L125: =+IF(AND(K125>0,O125="Ejecución"),(K125/877802)*Tabla2812[[#This Row],[% participación]],IF(AND(K125>0,O125<>"Ejecución"),"-","")) | N125: =+IF(M125="No",1,IF(M125="Si","Ingrese %","")) | O125: Ejecución
A126: 13 | B126: ICBF | C126: Público | G126: =IF(AND(E126<>"",F126<>""),((F126-E126)/30),"") | L126: =+IF(AND(K126>0,O126="Ejecución"),(K126/877802)*Tabla2812[[#This Row],[% participación]],IF(AND(K126>0,O126<>"Ejecución"),"-","")) | N126: =+IF(M126="No",1,IF(M126="Si","Ingrese %","")) | O126: Ejecución
A127: 14 | B127: ICBF | C127: Público | G127: =IF(AND(E127<>"",F127<>""),((F127-E127)/30),"") | L127: =+IF(AND(K127>0,O127="Ejecución"),(K127/877802)*Tabla2812[[#This Row],[% participación]],IF(AND(K127>0,O127<>"Ejecución"),"-","")) | N127: =+IF(M127="No",1,IF(M127="Si","Ingrese %","")) | O127: Ejecución
... A142: 29 | B142: ICBF | C142: Público | G142: =IF(AND(E142<>"",F142<>""),((F142-E142)/30),"") | L142: =+IF(AND(K142>0,O142="Ejecución"),(K142/877802)*Tabla2812[[#This Row],[% participación]],IF(AND(K142>0,O142<>"Ejecución"),"-","")) | N142: =+IF(M142="No",1,IF(M142="Si","Ingrese %","")) | O142: Ejecución
A143: 30 | B143: ICBF | C143: Público | G143: =IF(AND(E143<>"",F143<>""),((F143-E143)/30),"") | L143: =+IF(AND(K143>0,O143="Ejecución"),(K143/877802)*Tabla2812[[#This Row],[% participación]],IF(AND(K143>0,O143<>"Ejecución"),"-","")) | N143: =+IF(M142="No",1,IF(M142="Si","Ingrese %","")) | O143: Ejecución
A144: 31 | B144: ICBF | C144: Público | G144: =IF(AND(E144<>"",F144<>""),((F144-E144)/30),"") | L144: =+IF(AND(K144>0,O144="Ejecución"),(K144/877802)*Tabla2812[[#This Row],[% participación]],IF(AND(K144>0,O144<>"Ejecución"),"-","")) | N144: =+IF(M144="No",1,IF(M144="Si","Ingrese %","")) | O144: Ejecución
A145: 32 | B145: ICBF | C145: Público | G145: =IF(AND(E145<>"",F145<>""),((F145-E145)/30),"") | L145: =+IF(AND(K145>0,O145="Ejecución"),(K145/877802)*Tabla2812[[#This Row],[% participación]],IF(AND(K145>0,O145<>"Ejecución"),"-","")) | N145: =+IF(M145="No",1,IF(M145="Si","Ingrese %","")) | O145: Ejecución
A146: 33 | B146: ICBF | C146: Público | G146: =IF(AND(E146<>"",F146<>""),((F146-E146)/30),"") | L146: =+IF(AND(K146>0,O146="Ejecución"),(K146/877802)*Tabla2812[[#This Row],[% participación]],IF(AND(K146>0,O146<>"Ejecución"),"-","")) | N146: =+IF(M146="No",1,IF(M146="Si","Ingrese %","")) | O146: Ejecución
A147: 34 | B147: ICBF | C147: Público | G147: =IF(AND(E147<>"",F147<>""),((F147-E147)/30),"") | L147: =+IF(AND(K147>0,O147="Ejecución"),(K147/877802)*Tabla2812[[#This Row],[% participación]],IF(AND(K147>0,O147<>"Ejecución"),"-","")) | N147: =+IF(M147="No",1,IF(M147="Si","Ingrese %","")) | O147: Ejecución
A148: 35 | B148: ICBF | C148: Público | G148: =IF(AND(E148<>"",F148<>""),((F148-E148)/30),"") | L148: =+IF(AND(K148>0,O148="Ejecución"),(K148/877802)*Tabla2812[[#This Row],[% participación]],IF(AND(K148>0,O148<>"Ejecución"),"-","")) | N148: =+IF(M148="No",1,IF(M148="Si","Ingrese %","")) | O148: Ejecución
A149: 36 | B149: ICBF | C149: Público | G149: =IF(AND(E149<>"",F149<>""),((F149-E149)/30),"") | L149: =+IF(AND(K149>0,O149="Ejecución"),(K149/877802)*Tabla2812[[#This Row],[% participación]],IF(AND(K149>0,O149<>"Ejecución"),"-","")) | N149: =+IF(M149="No",1,IF(M149="Si","Ingrese %","")) | O149: Ejecución
A150: 37 | B150: ICBF | C150: Público | G150: =IF(AND(E150<>"",F150<>""),((F150-E150)/30),"") | L150: =+IF(AND(K150>0,O150="Ejecución"),(K150/877802)*Tabla2812[[#This Row],[% participación]],IF(AND(K150>0,O150<>"Ejecución"),"-","")) | N150: =+IF(M150="No",1,IF(M150="Si","Ingrese %","")) | O150: Ejecución
A151: 38 | B151: ICBF | C151: Público | G151: =IF(AND(E151<>"",F151<>""),((F151-E151)/30),"") | L151: =+IF(AND(K151>0,O151="Ejecución"),(K151/877802)*Tabla2812[[#This Row],[% participación]],IF(AND(K151>0,O151<>"Ejecución"),"-","")) | N151: =+IF(M151="No",1,IF(M151="Si","Ingrese %","")) | O151: Ejecución
A152: 39 | B152: ICBF | C152: Público | G152: =IF(AND(E152<>"",F152<>""),((F152-E152)/30),"") | L152: =+IF(AND(K152>0,O152="Ejecución"),(K152/877802)*Tabla2812[[#This Row],[% participación]],IF(AND(K152>0,O152<>"Ejecución"),"-","")) | N152: =+IF(M152="No",1,IF(M152="Si","Ingrese %","")) | O152: Ejecución
A153: 40 | B153: ICBF | C153: Público | G153: =IF(AND(E153<>"",F153<>""),((F153-E153)/30),"") | L153: =+IF(AND(K153>0,O153="Ejecución"),(K153/877802)*Tabla2812[[#This Row],[% participación]],IF(AND(K153>0,O153<>"Ejecución"),"-","")) | N153: =+IF(M153="No",1,IF(M153="Si","Ingrese %","")) | O153: Ejecución
A154: 41 | B154: ICBF | C154: Público | G154: =IF(AND(E154<>"",F154<>""),((F154-E154)/30),"") | L154: =+IF(AND(K154>0,O154="Ejecución"),(K154/877802)*Tabla2812[[#This Row],[% participación]],IF(AND(K154>0,O154<>"Ejecución"),"-","")) | N154: =+IF(M154="No",1,IF(M154="Si","Ingrese %","")) | O154: Ejecución
A155: 42 | B155: ICBF | C155: Público | G155: =IF(AND(E155<>"",F155<>""),((F155-E155)/30),"") | L155: =+IF(AND(K155>0,O155="Ejecución"),(K155/877802)*Tabla2812[[#This Row],[% participación]],IF(AND(K155>0,O155<>"Ejecución"),"-","")) | N155: =+IF(M155="No",1,IF(M155="Si","Ingrese %","")) | O155: Ejecución
... A158: 45 | B158: ICBF | C158: Público | G158: =IF(AND(E158<>"",F158<>""),((F158-E158)/30),"") | L158: =+IF(AND(K158>0,O158="Ejecución"),(K158/877802)*Tabla2812[[#This Row],[% participación]],IF(AND(K158>0,O158<>"Ejecución"),"-","")) | N158: =+IF(M158="No",1,IF(M158="Si","Ingrese %","")) | O158: Ejecución
O159: =HYPERLINK("#Integrante_5!A1","INICIO") -> INICIO
A160: TALENTO HUMANO | F160: INFRAESTRUCTURA | I160: DISCAPACIDAD
A161: En esta sección se registrará el cumplimento o no del criterio de Mínimo a contar con el talento humano básico por cada una de las modalidades del servicio y al seleccionar "Si" en la casilla Cumple, usted como Representante legal de la EAS está declarando bajo gravedad de juramento el cumplimento de este requisito. | F161: En esta sección se registrará el cumplimento o no del criterio de Mínimos a contar con la infraestructura básica para la prestación de servicio por cada una de las modalidades del servicio y al seleccionar "Si" en la casilla Cumple, usted como Representante legal de la EAS está declarando bajo gravedad de juramento el cumplimento de este requisito. Este criterio no aplica para la contratación de serviciosasociados a Desarrollo Infantil en Establecimientos de Reclusión – DIER; en este caso, seleccionar N/A. | I161: En esta sección se responderá a la pregunta (Si o No); en caso de seleccionar "Si", el oferente deberá adjuntar copia de la certificación expedida por la persona natural, representante legal de la persona jurídica o el revisor fiscal, que tiene vinculadas personas con discapacidad y la certificación del Ministerio de Trabajo, la cual debe estar vigente al momento de la presentación de la manifestación de interés.
B163: Luego de la validación de los criterios de cumplimiento certifico que: | G163: Luego de la validación de los criterios de cumplimiento certifico que: | I163: ¿Cuenta con el certificado para operar con Talento Humano en condición de discapacidad?
D164: Cumple | G164: Cumple
I165: Recuerde que debe adjuntar en archivo PDF copia de la Resolución nombrado así: Resolución Discapacidad MinTrabajo - "EAS"; en donde "EAS" debe ser el nombre del Oferente.
B166: Consultar maunal operativo | H166: Consultar manual operativo
B167: Verificar el estándar 30 del Manual operativo que corresponda al servicio a contratarse. | F167: Verificar los requisitos del “Componente ambientes educativos y protectores” en el Manual operativo que corresponda al servicio a contratarse.
A170: CONTRAPARTIDA ADICIONAL Y VALOR TÉCNICO AGREGADO
A171: Como oferente usted podrá ofrecer contrapartida adicional y valor técnico agregado. Tenga presente que el porcentaje que ofrezca de forma adicional en contrapartida se tendrá en cuenta para la calificación del Criterio de Contrapartida y el valor que ofrezca en Valor Técnico Agregado se tendrá en cuenta para el criterio de Desempate en caso de presentarse.
B174: CONTRAPARTIDA ADICIONAL | I174: VALOR TÉCNICO AGREGADO | O174: =HYPERLINK("#Integrante_5!A1","INICIO") -> INICIO
B175: Descripción | E175: % Contrapartida | I175: Descripción | M175: % Ofertado
E176: Mínima | F176: Adicional | G176: Total | S176: Total
B177: CONTRAPARTIDA ADICIONAL | E177: 0.02 | G177: =IF(F177>0,SUM(E177+F177),"") | I177: VALOR TÉCNICO AGREGADO - VTA | S177: =IF(M177>0,SUM(L177+M177),"")
B178: Vinculación de Talento humano adicional | E178: 0.02 | G178: =IF(F178>0,SUM(E178+F178),"") | I178: Logística taller de sensibilizacón a comités de Control social (mínimo 2% - máximo 5%) | L178: 0.02 | N178: =IF(M178>0,SUM(L178+M178),"")
B179: Contrapartida en equipos de medición | E179: 0.02 | G179: =IF(F179>0,SUM(E179+F179),"") | I179: Kit de Control social (mínimo 2% - máximo 5%) | L179: 0.02 | N179: =IF(M179>0,SUM(L179+M179),"")
B180: Contrapartida de bienes y servicios | E180: 0.03 | G180: =IF(F180>0,SUM(E180+F180),"") | I180: Plan de comunicación para promoción del Control social (mínimo 2% - máximo 5%) | L180: 0.02 | N180: =IF(M180>0,SUM(L180+M180),"")
I181: Valor agregado de cualificación del talento humano (mínimo 2% - máximo 5%) | L181: 0.02 | N181: =IF(M181>0,SUM(L181+M181),"")
B182: Nota: Favor tener presente que este porcentaje es adicional al porcentaje mínimo requerido en el BNOPI, el cual es del 2%; es decir, el valor que se ingrese se sumará a ese 2% para la Contrapartida.
B183: Tenga en cuenta que el porcentaje de la Contrapartida total | C183: =+SUM(G177:G180) -> 0 | D183: que es igual a | E183: =+(C183*SUM(K20:K35)) -> 0 | I183: Tenga en cuenta que el porcentaje de la Contrapartida total | J183: =M177 -> 0 | K183: que es igual a | M183: =+J183*K20 -> 0
I184: Nota: El porcentaje ofertado se debe encontrar entre el 2% y el 5%
...

Sheet Integrante_6
C2: MANIFESTACIÓN DE INTERÉS PARA LA SELECCIÓN DE OFERENTES EN CONTRATOS DE APORTE DE SERVICIOS DE ATENCIÓN A LA PRIMERA INFANCIA | L2: DOCUMENTO EN REVISIÓN | N2: FECH A PENDIENTE
L3: Versión 1 | N3: Página 1 de 3
L4: Clasificación de la Información: Pública | P4: =NOW() -> 44194.997
A6: VÍNCULOS
B8: =HYPERLINK("#Integrante_6!B20","IDENTIFICACIÓN DEL OFERENTE") -> IDENTIFICACIÓN DEL OFERENTE | E8: =HYPERLINK("#Integrante_6!A109","CAPACIDAD RESIDUAL") -> CAPACIDAD RESIDUAL | I8: =HYPERLINK("#Integrante_6!N162","DISCAPACIDAD") -> DISCAPACIDAD | K8: =HYPERLINK("#Integrante_6!A188","TRAYECTORIA") -> TRAYECTORIA
B9: =HYPERLINK("#Integrante_6!I20","DATOS CONTRATO INVITACIÓN") -> DATOS CONTRATO INVITACIÓN | E9: =HYPERLINK("#Integrante_6!A162","TALENTO HUMANO") -> TALENTO HUMANO | I9: =HYPERLINK("#Integrante_6!B176","CONTRAPARTIDA ADICIONAL") -> CONTRAPARTIDA ADICIONAL | K9: =HYPERLINK("#Integrante_6!A199","ACEPTACIÓN") -> ACEPTACIÓN
B10: =HYPERLINK("#Integrante_6!B48","EXPERIENCIA TERRITORIAL") -> EXPERIENCIA TERRITORIAL | E10: =HYPERLINK("#Integrante_6!F162","INFRAESTRUCTURA") -> INFRAESTRUCTURA | I10: =HYPERLINK("#Integrante_6!L176","VALOR TÉCNICO AGREGADO") -> VALOR TÉCNICO AGREGADO
C14: DP_Asunto_ManifestacionInteres_No
B15: Asunto: Manifestación de interés No | G15: Regional ICBF: | I15: Tipo de Oferente: | J15: Plural | L15: % participación
A17: IDENTIFICACIÓN DEL OFERENTE | H17: DATOS CONTRATO DE LA INVITACIÓN
B19: NIT (Sin dígito de verificación): | E19: NIT UT o Consorcio | H19: Datos básicos del contrato relacionado con la Manifestación de interés del Asunto | I19: Departamento | J19: Municipio | K19: Valor invitación | L19: Fecha inicio | M19: Fecha final | N19: Tiempo ejecución (meses)
E20: Nombre UT o Consorcio | N20: =+(M20-L20)/30 -> 0 | V20: =NOW() -> 44194.997 | W20: =NOW() -> 44194.997
N21: =+(M21-L21)/30 -> 0
N22: =+(M22-L22)/30 -> 0
N23: =+(M23-L23)/30 -> 0
N24: =+(M24-L24)/30 -> 0
N25: =+(M25-L25)/30 -> 0
N26: =+(M26-L26)/30 -> 0
N27: =+(M27-L27)/30 -> 0
N28: =+(M28-L28)/30 -> 0
N29: =+(M29-L29)/30 -> 0
N30: =+(M30-L30)/30 -> 0
N31: =+(M31-L31)/30 -> 0
N32: =+(M32-L32)/30 -> 0
... N35: =+(M35-L35)/30 -> 0
B37: Razón Social:
B38: =VLOOKUP(B20,EAS!A2:B1439,2,0) -> #N/A | I38: Objeto del contrato
A41: REGISTRO DE INFORMACIÓN PARA CADA UNO DE LOS CRITERIOS DE LA MANIFESTACIÓN DE INTERÉS
A43: EXPERIENCIA TERRITORIAL
A44: En esta sección se registrará la información que corresponde a la Experiencia del Oferente y deberá adjuntar la declaración juramentada suscrita por el representante legal, en la cual relacione los contratos ejecutados y terminados con el sector público y privado.
I46: Lugar de ejecución
A47: No. | B47: Entidad contratante | C47: Sector | D47: Número de contrato | E47: Fecha Inicio (dd/mm/aaaa) | F47: Fecha terminación (dd/mm/aaaa) | G47: Experiencia (meses) | H47: Objeto del contrato | I47: Departamento | J47: Municipio | K47: Valor del contrato | L47: Unión Temporal / Consorcio | M47: % participación | N47: Estado | O47: Experiencia Registrada para habilitación en banco
A48: 1 | G48: =IF(AND(E48<>"",F48<>""),((F48-E48)/30),"")
A49: 2 | G49: =IF(AND(E49<>"",F49<>""),((F49-E49)/30),"")
A50: 3 | G50: =IF(AND(E50<>"",F50<>""),((F50-E50)/30),"")
A51: 4 | G51: =IF(AND(E51<>"",F51<>""),((F51-E51)/30),"")
A52: 5 | G52: =IF(AND(E52<>"",F52<>""),((F52-E52)/30),"")
A53: 6 | G53: =IF(AND(E53<>"",F53<>""),((F53-E53)/30),"")
A54: 7 | G54: =IF(AND(E54<>"",F54<>""),((F54-E54)/30),"")
A55: 8 | G55: =IF(AND(E55<>"",F55<>""),((F55-E55)/30),"")
A56: 9 | G56: =IF(AND(E56<>"",F56<>""),((F56-E56)/30),"")
A57: 10 | G57: =IF(AND(E57<>"",F57<>""),((F57-E57)/30),"")
A58: 11 | G58: =IF(AND(E58<>"",F58<>""),((F58-E58)/30),"")
A59: 12 | G59: =IF(AND(E59<>"",F59<>""),((F59-E59)/30),"")
... A107: 60 | G107: =IF(AND(E107<>"",F107<>""),((F107-E107)/30),"")
O108: =HYPERLINK("#Integrante_6!A1","INICIO") -> INICIO
A109: CAPACIDAD RESIDUAL
A110: En esta sección se registrará la información que corresponde a la Experiencia del Oferente de los contratos que se encuentren en ejecución. Este requisito se verificará a través de una declaración juramentada suscrita por el representante legal, en la cual reporte los contratos que se encuentren en ejecución con el ICBF.
I112: Lugar de ejecución
A113: No. | B113: Entidad contratante | C113: Sector | D113: Número de contrato | E113: Fecha Inicio (dd/mm/aaaa) | F113: Fecha terminación (dd/mm/aaaa) | G113: Experiencia (meses) | H113: Objeto del contrato | I113: Departamento | J113: Municipio | K113: Valor del contrato | L113: Valor en SMMLV | M113: Unión Temporal / Consorcio | N113: % participación | O113: Estado
A114: 1 | B114: ICBF | C114: Público | G114: =IF(AND(E114<>"",F114<>""),((F114-E114)/30),"") | L114: =+IF(AND(K114>0,O114="Ejecución"),(K114/877802)*Tabla2815[[#This Row],[% participación]],IF(AND(K114>0,O114<>"Ejecución"),"-","")) | N114: =+IF(M116="No",1,IF(M116="Si","Ingrese %","")) | O114: Ejecución
A115: 2 | B115: ICBF | C115: Público | G115: =IF(AND(E115<>"",F115<>""),((F115-E115)/30),"") | L115: =+IF(AND(K115>0,O115="Ejecución"),(K115/877802)*Tabla2815[[#This Row],[% participación]],IF(AND(K115>0,O115<>"Ejecución"),"-","")) | N115: =+IF(M116="No",1,IF(M116="Si","Ingrese %","")) | O115: Ejecución
A116: 3 | B116: ICBF | C116: Público | G116: =IF(AND(E116<>"",F116<>""),((F116-E116)/30),"") | L116: =+IF(AND(K116>0,O116="Ejecución"),(K116/877802)*Tabla2815[[#This Row],[% participación]],IF(AND(K116>0,O116<>"Ejecución"),"-","")) | N116: =+IF(M116="No",1,IF(M116="Si","Ingrese %","")) | O116: Ejecución
A117: 4 | B117: ICBF | C117: Público | G117: =IF(AND(E117<>"",F117<>""),((F117-E117)/30),"") | L117: =+IF(AND(K117>0,O117="Ejecución"),(K117/877802)*Tabla2815[[#This Row],[% participación]],IF(AND(K117>0,O117<>"Ejecución"),"-","")) | N117: =+IF(M117="No",1,IF(M117="Si","Ingrese %","")) | O117: Ejecución
A118: 5 | B118: ICBF | C118: Público | G118: =IF(AND(E118<>"",F118<>""),((F118-E118)/30),"") | L118: =+IF(AND(K118>0,O118="Ejecución"),(K118/877802)*Tabla2815[[#This Row],[% participación]],IF(AND(K118>0,O118<>"Ejecución"),"-","")) | N118: =+IF(M118="No",1,IF(M118="Si","Ingrese %","")) | O118: Ejecución
A119: 6 | B119: ICBF | C119: Público | G119: =IF(AND(E119<>"",F119<>""),((F119-E119)/30),"") | L119: =+IF(AND(K119>0,O119="Ejecución"),(K119/877802)*Tabla2815[[#This Row],[% participación]],IF(AND(K119>0,O119<>"Ejecución"),"-","")) | N119: =+IF(M119="No",1,IF(M119="Si","Ingrese %","")) | O119: Ejecución
A120: 7 | B120: ICBF | C120: Público | G120: =IF(AND(E120<>"",F120<>""),((F120-E120)/30),"") | L120: =+IF(AND(K120>0,O120="Ejecución"),(K120/877802)*Tabla2815[[#This Row],[% participación]],IF(AND(K120>0,O120<>"Ejecución"),"-","")) | N120: =+IF(M120="No",1,IF(M120="Si","Ingrese %","")) | O120: Ejecución
A121: 8 | B121: ICBF | C121: Público | G121: =IF(AND(E121<>"",F121<>""),((F121-E121)/30),"") | L121: =+IF(AND(K121>0,O121="Ejecución"),(K121/877802)*Tabla2815[[#This Row],[% participación]],IF(AND(K121>0,O121<>"Ejecución"),"-","")) | N121: =+IF(M121="No",1,IF(M121="Si","Ingrese %","")) | O121: Ejecución
A122: 9 | B122: ICBF | C122: Público | G122: =IF(AND(E122<>"",F122<>""),((F122-E122)/30),"") | L122: =+IF(AND(K122>0,O122="Ejecución"),(K122/877802)*Tabla2815[[#This Row],[% participación]],IF(AND(K122>0,O122<>"Ejecución"),"-","")) | N122: =+IF(M122="No",1,IF(M122="Si","Ingrese %","")) | O122: Ejecución
A123: 10 | B123: ICBF | C123: Público | G123: =IF(AND(E123<>"",F123<>""),((F123-E123)/30),"") | L123: =+IF(AND(K123>0,O123="Ejecución"),(K123/877802)*Tabla2815[[#This Row],[% participación]],IF(AND(K123>0,O123<>"Ejecución"),"-","")) | N123: =+IF(M123="No",1,IF(M123="Si","Ingrese %","")) | O123: Ejecución
A124: 11 | B124: ICBF | C124: Público | G124: =IF(AND(E124<>"",F124<>""),((F124-E124)/30),"") | L124: =+IF(AND(K124>0,O124="Ejecución"),(K124/877802)*Tabla2815[[#This Row],[% participación]],IF(AND(K124>0,O124<>"Ejecución"),"-","")) | N124: =+IF(M124="No",1,IF(M124="Si","Ingrese %","")) | O124: Ejecución
A125: 12 | B125: ICBF | C125: Público | G125: =IF(AND(E125<>"",F125<>""),((F125-E125)/30),"") | L125: =+IF(AND(K125>0,O125="Ejecución"),(K125/877802)*Tabla2815[[#This Row],[% participación]],IF(AND(K125>0,O125<>"Ejecución"),"-","")) | N125: =+IF(M125="No",1,IF(M125="Si","Ingrese %","")) | O125: Ejecución
A126: 13 | B126: ICBF | C126: Público | G126: =IF(AND(E126<>"",F126<>""),((F126-E126)/30),"") | L126: =+IF(AND(K126>0,O126="Ejecución"),(K126/877802)*Tabla2815[[#This Row],[% participación]],IF(AND(K126>0,O126<>"Ejecución"),"-","")) | N126: =+IF(M126="No",1,IF(M126="Si","Ingrese %","")) | O126: Ejecución
A127: 14 | B127: ICBF | C127: Público | G127: =IF(AND(E127<>"",F127<>""),((F127-E127)/30),"") | L127: =+IF(AND(K127>0,O127="Ejecución"),(K127/877802)*Tabla2815[[#This Row],[% participación]],IF(AND(K127>0,O127<>"Ejecución"),"-","")) | N127: =+IF(M127="No",1,IF(M127="Si","Ingrese %","")) | O127: Ejecución
... A160: 47 | B160: ICBF | C160: Público | G160: =IF(AND(E160<>"",F160<>""),((F160-E160)/30),"") | L160: =+IF(AND(K160>0,O160="Ejecución"),(K160/877802)*Tabla2815[[#This Row],[% participación]],IF(AND(K160>0,O160<>"Ejecución"),"-","")) | N160: =+IF(M160="No",1,IF(M160="Si","Ingrese %","")) | O160: Ejecución
O161: =HYPERLINK("#Integrante_6!A1","INICIO") -> INICIO
A162: TALENTO HUMANO | F162: INFRAESTRUCTURA | I162: DISCAPACIDAD
A163: En esta sección se registrará el cumplimento o no del criterio de Mínimo a contar con el talento humano básico por cada una de las modalidades del servicio y al seleccionar "Si" en la casilla Cumple, usted como Representante legal de la EAS está declarando bajo gravedad de juramento el cumplimento de este requisito. | F163: En esta sección se registrará el cumplimento o no del criterio de Mínimos a contar con la infraestructura básica para la prestación de servicio por cada una de las modalidades del servicio y al seleccionar "Si" en la casilla Cumple, usted como Representante legal de la EAS está declarando bajo gravedad de juramento el cumplimento de este requisito. Este criterio no aplica para la contratación de serviciosasociados a Desarrollo Infantil en Establecimientos de Reclusión – DIER; en este caso, seleccionar N/A. | I163: En esta sección se responderá a la pregunta (Si o No); en caso de seleccionar "Si", el oferente deberá adjuntar copia de la certificación expedida por la persona natural, representante legal de la persona jurídica o el revisor fiscal, que tiene vinculadas personas con discapacidad y la certificación del Ministerio de Trabajo, la cual debe estar vigente al momento de la presentación de la manifestación de interés.
B165: Luego de la validación de los criterios de cumplimiento certifico que: | G165: Luego de la validación de los criterios de cumplimiento certifico que: | I165: ¿Cuenta con el certificado para operar con Talento Humano en condición de discapacidad?
D166: Cumple | G166: Cumple
I167: Recuerde que debe adjuntar en archivo PDF copia de la Resolución nombrado así: Resolución Discapacidad MinTrabajo - "EAS"; en donde "EAS" debe ser el nombre del Oferente.
B168: Consultar maunal operativo | H168: Consultar manual operativo
B169: Verificar el estándar 30 del Manual operativo que corresponda al servicio a contratarse. | F169: Verificar los requisitos del “Componente ambientes educativos y protectores” en el Manual operativo que corresponda al servicio a contratarse.
A172: CONTRAPARTIDA ADICIONAL Y VALOR TÉCNICO AGREGADO
A173: Como oferente usted podrá ofrecer contrapartida adicional y valor técnico agregado. Tenga presente que el porcentaje que ofrezca de forma adicional en contrapartida se tendrá en cuenta para la calificación del Criterio de Contrapartida y el valor que ofrezca en Valor Técnico Agregado se tendrá en cuenta para el criterio de Desempate en caso de presentarse.
B176: CONTRAPARTIDA ADICIONAL | I176: VALOR TÉCNICO AGREGADO | O176: =HYPERLINK("#Integrante_6!A1","INICIO") -> INICIO
B177: Descripción | E177: % Contrapartida | I177: Descripción | M177: % Ofertado
E178: Mínima | F178: Adicional | G178: Total | S178: Total
B179: CONTRAPARTIDA ADICIONAL | E179: 0.02 | G179: =IF(F179>0,SUM(E179+F179),"") | I179: VALOR TÉCNICO AGREGADO - VTA | S179: =IF(M179>0,SUM(L179+M179),"")
B180: Vinculación de Talento humano adicional | E180: 0.02 | G180: =IF(F180>0,SUM(E180+F180),"") | I180: Logística taller de sensibilizacón a comités de Control social (mínimo 2% - máximo 5%) | L180: 0.02 | N180: =IF(M180>0,SUM(L180+M180),"")
B181: Contrapartida en equipos de medición | E181: 0.02 | G181: =IF(F181>0,SUM(E181+F181),"") | I181: Kit de Control social (mínimo 2% - máximo 5%) | L181: 0.02 | N181: =IF(M181>0,SUM(L181+M181),"")
B182: Contrapartida de bienes y servicios | E182: 0.03 | G182: =IF(F182>0,SUM(E182+F182),"") | I182: Plan de comunicación para promoción del Control social (mínimo 2% - máximo 5%) | L182: 0.02 | N182: =IF(M182>0,SUM(L182+M182),"")
I183: Valor agregado de cualificación del talento humano (mínimo 2% - máximo 5%) | L183: 0.02 | N183: =IF(M183>0,SUM(L183+M183),"")
B184: Nota: Favor tener presente que este porcentaje es adicional al porcentaje mínimo requerido en el BNOPI, el cual es del 2%; es decir, el valor que se ingrese se sumará a ese 2% para la Contrapartida.
B185: Tenga en cuenta que el porcentaje de la Contrapartida total | C185: =+SUM(G179:G182) -> 0 | D185: que es igual a | E185: =+(C185*SUM(K20:K35)) -> 0 | I185: Tenga en cuenta que el porcentaje de la Contrapartida total | J185: =M179 -> 0 | K185: que es igual a | M185: =+J185*K20 -> 0
I186: Nota: El porcentaje ofertado se debe encontrar entre el 2% y el 5%
A188: TRAYECTORIA
A189: Para este criterio se verificará el documento de personería jurídica (se revisa la fecha de reconocimiento) y declaración juramentada con la relación de contratos (se toma la fecha del primer contrato para calcular la trayectoria) firmada por representante legal y revisor fiscal (cuando aplique).
B192: Fecha Personería Juridica (dd/mm/aaaa) | E192: # Resolución | H192: Representante Legal | J192: Fecha inicio Contrato más antiguo con el SNBF (dd/mm/aaaa)
B194: Recuerde adjuntar el documento declaración juramentada
A197: ACEPTACIÓN
O198: =HYPERLINK("#Integrante_6!A1","INICIO") -> INICIO
B199: Así mismo, bajo la gravedad de Juramento, el suscrito declara que: 1. Tengo poder o representación legal para firmar y presentar la manifestación de interés. 2. Esta aceptación de manifestación de interés, compromete totalmente a la persona jurídica que legalmente represento. 3. He estudiado cuidadosamente los documentos que hacen parte del proceso de la invitación a manifestar interés según el Asunto, renunciando así a cualquier reclamación por desconocimiento o errónea interpretación de los mismos. 4. He revisado, leído detenidamente las condiciones de la Invitación a Manifestar intereses según el Asunto por lo que manifiesto que he entendido y las he aceptado por ello expreso que no continente ningún error u omisión. 5. La entidad que represento no está incurso en causal alguna de liquidación o disolución. 6. Reconozco la responsabilidad que me concierne en el sentido de conocer todas las características y especificaciones de la prestación del servicio. Me obligo en el evento de resultar seleccionado para contratar con su regional a asumir y garantizar todas las condiciones requeridas para la prestación del servicio contempladas en el invitación del asunto. 7. Manifiesto que la información suministrada es veraz y no fija condiciones artificiales con el propósito de ser seleccionado. 8. Acepto y autorizo al ICBF para que verifique la información aportada con esta aceptación de manifestación de interés. 9. Acepto que la presentación de requisitos para ser seleccionado no genera para el ICBF la obligación alguna de suscribir contrato. 10. Acepto y autorizo al ICBF envié información y notificaciones por el correo electrónico que se señala al final del documento. 11. Manifiesto y declaro que nuestra aceptación de manifestación de interés no contienen ningún tipo de información confidencial o privada de acuerdo a la Ley Colombiana y en consecuencia, consideramos que el ICBF se encuentra facultado para revelar dicha información sin reserva alguna, a partir de la fecha de cierre del proceso de manifestación de interese, a sus funcionarios, a los demás participantes en el proceso. 12. Declaro que la información aquí suministrada es auténtica, veraz, completa, exacta, actualizada y legalmente obtenida. Por lo anterior, cualquier error en la información suministrada será de mi única y exclusiva responsabilidad, asumiéndola por los daños y perjuicios que pudiera ocasionar, como consecuencia de entregar o aportar información falsa, incompleta o inexacta, lo que exonera al ICBF de su responsabilidad ante cualquier operador o usuario final, en consecuencia, me someto a las responsabilidades administrativas y/o penales que la legislación colombiana tenga previstas para el efecto y que se deriven de cualquier reticencia o ausencia de integridad o de veracidad de la información. Declaro que he leído cuidadosamente el contenido de los documentos y haberlo comprendido a cabalidad, razón por la cual entiendo sus alcances, sus implicaciones y autorizo el uso de mi información para los fines mencionados.
B201: Adjuntar declaración juramentada en la cual se relacionan los contratos en ejecución, para poder efectuar la verificación.
B202: Adjuntar copia de la certificación expedida por la persona natural, representante legal de la persona jurídica o el revisor fiscal, que tiene vinculadas personas con discapacidad y la certificación del Ministerio de Trabajo, la cual debe estar vigente al momento de la presentación de la manifestación de interés.
B204: Adjuntar todos los soportes y declaraciones juramentadas solicitadas por la entidad.
B211: Firma | G211: Dirección comercial | J211: Domicilio Legal
B212: Nombre Representante legal | G212: Teléfono y Fax | J212: Correo electrónico

Sheet Listas
A1: SECTOR | B1: Si/No | C1: UNSPSC | D1: ESTADO CONTRATO | E1: OFERENTE | F1: NOMBRE REGIONAL | G1: Si/No=na
A2: Público | B2: Si | C2: 93142008 | D2: Ejecución | E2: Singular | F2: AMAZONAS | G2: Si
A3: Privado | B3: No | C3: 93141500 | D3: Ejecutado | E3: Plural | F3: ANTIOQUIA | G3: No
A4: Mixto | C4: 93141600 | D4: Liquidado | F4: ARAUCA | G4: No Aplica
C5: 86121501 | D5: Terminado | F5: ATLÁNTICO
F6: BOGOTÁ D.C.
F7: BOLÍVAR
F8: BOYACÁ
F9: CALDAS
F10: CAQUETÁ
F11: CASANARE
F12: CAUCA
F13: CESAR
F14: CHOCÓ
F15: CÓRDOBA
F16: CUNDINAMARCA
F17: GUAINÍA
... F34: VICHADA

Sheet ListasDpto-Mpio
A1: DEPARTAMENTO | B1: NACIONAL | C1: AMAZONAS | D1: ANTIOQUIA | E1: ARAUCA | F1: ATLÁNTICO | G1: BOGOTÁ_D.C. | H1: BOLÍVAR | I1: BOYACÁ | J1: CALDAS | K1: CAQUETÁ | L1: CASANARE | M1: CAUCA | N1: CESAR | O1: CHOCÓ | P1: CÓRDOBA | Q1: CUNDINAMARCA | R1: GUAINÍA | S1: GUAVIARE | T1: HUILA | U1: LA_GUAJIRA | V1: MAGDALENA | W1: META | X1: NARIÑO | Y1: NORTE_DE_SANTANDER | Z1: PUTUMAYO | AA1: QUINDÍO | AB1: RISARALDA | AC1: SAN_ANDRÉS_Y_PROVIDENCIA | AD1: SANTANDER | AE1: SUCRE | AF1: TOLIMA | AG1: VALLE_DEL_CAUCA | AH1: VAUPÉS | AI1: VICHADA
B2: NACIONAL | C2: AMAZONAS (DP) | D2: ANTIOQUIA (DP) | E2: ARAUCA (DP) | F2: ATLÁNTICO (DP) | G2: BOGOTÁ D.C. (DP) | H2: BOLÍVAR (DP) | I2: BOYACÁ (DP) | J2: CALDAS (DP) | K2: CAQUETÁ (DP) | L2: CASANARE (DP) | M2: CAUCA (DP) | N2: CESAR (DP) | O2: CHOCÓ (DP) | P2: CÓRDOBA (DP) | Q2: CUNDINAMARCA (DP) | R2: GUAINÍA (DP) | S2: GUAVIARE (DP) | T2: HUILA (DP) | U2: LA GUAJIRA (DP) | V2: MAGDALENA (DP) | W2: META (DP) | X2: NARIÑO (DP) | Y2: NORTE DE SANTANDER (DP) | Z2: PUTUMAYO (DP) | AA2: QUINDÍO (DP) | AB2: RISARALDA (DP) | AC2: SAN ANDRÉS Y PROVIDENCIA (DP) | AD2: SANTANDER (DP) | AE2: SUCRE (DP) | AF2: TOLIMA (DP) | AG2: VALLE DEL CAUCA (DP) | AH2: VAUPÉS (DP) | AI2: VICHADA (DP)
A3: AMAZONAS | C3: EL ENCANTO | D3: ABEJORRAL | E3: ARAUCA | F3: BARANOA | G3: ANTONIO NARIÑO | H3: ACHÍ | I3: ALMEIDA | J3: AGUADAS | K3: ALBANIA | L3: AGUAZUL | M3: ALMAGUER | N3: AGUACHICA | O3: ACANDÍ | P3: AYAPEL | Q3: AGUA DE DIOS | R3: BARRANCO MINAS | S3: CALAMAR | T3: ACEVEDO | U3: ALBANIA | V3: ALGARROBO | W3: ACACÍAS | X3: ALBÁN | Y3: ÁBREGO | Z3: COLÓN | AA3: ARMENIA | AB3: APÍA | AC3: PROVIDENCIA | AD3: AGUADA | AE3: BUENAVISTA | AF3: ALPUJARRA | AG3: ALCALÁ | AH3: CARURÚ | AI3: CUMARIBO
A4: ANTIOQUIA | C4: LA CHORRERA | D4: ABRIAQUÍ | E4: ARAUQUITA | F4: BARRANQUILLA | G4: BARRIOS UNIDOS | H4: ALTOS DEL ROSARIO | I4: AQUITANIA | J4: ANSERMA | K4: BELÉN DE LOS ANDAQUÍES | L4: CHÁMEZA | M4: ARGELIA | N4: AGUSTÍN CODAZZI | O4: ALTO BAUDÓ | P4: BUENAVISTA | Q4: ALBÁN | R4: CACAHUAL | S4: EL RETORNO | T4: AGRADO | U4: BARRANCAS | V4: ARACATACA | W4: BARRANCA DE UPÍA | X4: ALDANA | Y4: ARBOLEDAS | Z4: MOCOA | AA4: BUENAVISTA | AB4: BALBOA | AC4: SAN ANDRÉS | AD4: ALBANIA | AE4: CAIMITO | AF4: ALVARADO | AG4: ANDALUCÍA | AH4: MITÚ | AI4: LA PRIMAVERA
A5: ARAUCA | C5: LA PEDRERA | D5: ALEJANDRÍA | E5: CRAVO NORTE | F5: CAMPO DE LA CRUZ | G5: BOGOTÁ, D.C. | H5: ARENAL | I5: ARCABUCO | J5: ARANZAZU | K5: CARTAGENA DEL CHAIRÁ | L5: HATO COROZAL | M5: BALBOA | N5: ASTREA | O5: ATRATO | P5: CANALETE | Q5: ANAPOIMA | R5: INÍRIDA | S5: MIRAFLORES | T5: AIPE | U5: DIBULLA | V5: ARIGUANÍ | W5: CABUYARO | X5: ANCUYÁ | Y5: BOCHALEMA | Z5: ORITO | AA5: CALARCÁ | AB5: BELÉN DE UMBRÍA | AD5: ARATOCA | AE5: CHALÁN | AF5: AMBALEMA | AG5: ANSERMANUEVO | AH5: PACOA | AI5: PUERTO CARREÑO
A6: ATLÁNTICO | C6: LA VICTORIA | D6: AMAGÁ | E6: FORTUL | F6: CANDELARIA | G6: BOSA | H6: ARJONA | I6: BELÉN | J6: BELALCÁZAR | K6: CURILLO | L6: LA SALINA | M6: BOLÍVAR | N6: BECERRIL | O6: BAGADÓ | P6: CERETÉ | Q6: ANOLAIMA | R6: LA GUADALUPE | S6: SAN JOSÉ DEL GUAVIARE | T6: ALGECIRAS | U6: DISTRACCIÓN | V6: CERRO DE SAN ANTONIO | W6: CASTILLA LA NUEVA | X6: ARBOLEDA | Y6: BUCARASICA | Z6: PUERTO ASÍS | AA6: CIRCASIA | AB6: DOSQUEBRADAS | AD6: BARBOSA | AE6: COLOSÓ | AF6: ANZOÁTEGUI | AG6: ARGELIA | AH6: PAPUNAUA | AI6: SANTA ROSALÍA
A7: BOGOTÁ_D.C. | C7: LETICIA | D7: AMALFI | E7: PUERTO RONDÓN | F7: GALAPA | G7: CHAPINERO | H7: ARROYOHONDO | I7: BERBEO | J7: CHINCHINÁ | K7: EL DONCELLO | L7: MANÍ | M7: BUENOS AIRES | N7: BOSCONIA | O7: BAHÍA SOLANO | P7: CHIMÁ | Q7: APULO | R7: MAPIRIPANA | T7: ALTAMIRA | U7: EL MOLINO | V7: CHIVOLO | W7: CUBARRAL | X7: BARBACOAS | Y7: CÁCHIRA | Z7: PUERTO CAICEDO | AA7: CÓRDOBA | AB7: GUÁTICA | AD7: BARICHARA | AE7: COROZAL | AF7: ARMERO GUAYABAL | AG7: BOLÍVAR | AH7: TARAIRA
A8: BOLÍVAR | C8: MIRITÍ - PARANÁ | D8: ANDES | E8: SARAVENA | F8: JUAN DE ACOSTA | G8: CIUDAD BOLÍVAR | H8: BARRANCO DE LOBA | I8: BETÉITIVA | J8: FILADELFIA | K8: EL PAUJÍL | L8: MONTERREY | M8: CAJIBÍO | N8: CHIMICHAGUA | O8: BAJO BAUDÓ | P8: CHINÚ | Q8: ARBELÁEZ | R8: MORICHAL | T8: BARAYA | U8: FONSECA | V8: CIÉNAGA | W8: CUMARAL | X8: BELÉN | Y8: CÁCOTA | Z8: PUERTO GUZMÁN | AA8: FILANDIA | AB8: LA CELIA | AD8: BARRANCABERMEJA | AE8: COVEÑAS | AF8: ATACO | AG8: BUENAVENTURA | AH8: YAVARATÉ
A9: BOYACÁ | C9: PUERTO ALEGRÍA | D9: ANGELÓPOLIS | E9: TAME | F9: LURUACO | G9: ENGATIVÁ | H9: CALAMAR | I9: BOAVITA | J9: LA DORADA | K9: FLORENCIA | L9: NUNCHÍA | M9: CALDONO | N9: CHIRIGUANÁ | O9: BÉLEN DE BAJIRÁ | P9: CIÉNAGA DE ORO | Q9: BELTRÁN | R9: PANA PANA | T9: CAMPOALEGRE | U9: HATONUEVO | V9: CONCORDIA | W9: EL CALVARIO | X9: BUESACO | Y9: CHINÁCOTA | Z9: PUERTO LEGUÍZAMO | AA9: GÉNOVA | AB9: LA VIRGINIA | AD9: BETULIA | AE9: EL ROBLE | AF9: CAJAMARCA | AG9: BUGALAGRANDE
A10: CALDAS | C10: PUERTO ARICA | D10: ANGOSTURA | F10: MALAMBO | G10: FONTIBÓN | H10: CANTAGALLO | I10: BOYACÁ | J10: LA MERCED | K10: LA MONTAÑITA | L10: OROCUÉ | M10: CALOTO | N10: CURUMANÍ | O10: BOJAYÁ | P10: COTORRA | Q10: BITUIMA | R10: PUERTO COLOMBIA | T10: COLOMBIA | U10: LA JAGUA DEL PILAR | V10: EL BANCO | W10: EL CASTILLO | X10: CHACHAGÜÍ | Y10: CHITAGÁ | Z10: SAN FRANCISCO | AA10: LA TEBAIDA | AB10: MARSELLA | AD10: BOLÍVAR | AE10: GALERAS | AF10: CARMEN DE APICALÁ | AG10: CAICEDONIA
A11: CAQUETÁ | C11: PUERTO NARIÑO | D11: ANORÍ | F11: MANATÍ | G11: KENNEDY | H11: CARTAGENA DE INDIAS | I11: BRICEÑO | J11: MANIZALES | K11: MILÁN | L11: PAZ DE ARIPORO | M11: CORINTO | N11: EL COPEY | O11: CARMEN DEL DARIÉN | P11: LA APARTADA | Q11: BOJACÁ | R11: SAN FELIPE | T11: ELÍAS | U11: MAICAO | V11: EL PIÑÓN | W11: EL DORADO | X11: COLÓN | Y11: CONVENCIÓN | Z11: SAN MIGUEL | AA11: MONTENEGRO | AB11: MISTRATÓ | AD11: BUCARAMANGA | AE11: GUARANDA | AF11: CASABIANCA | AG11: CALI
A12: CASANARE | C12: PUERTO SANTANDER | D12: ANZÁ | F12: PALMAR DE VARELA | G12: LA CANDELARIA | H12: CICUCO | I12: BUENAVISTA | J12: MANZANARES | K12: MORELIA | L12: PORE | M12: EL TAMBO | N12: EL PASO | O12: CÉRTEGUI | P12: LORICA | Q12: CABRERA | T12: GARZÓN | U12: MANAURE | V12: EL RETÉN | W12: FUENTE DE ORO | X12: CONSACÁ | Y12: CÚCUTA | Z12: SANTIAGO | AA12: PIJAO | AB12: PEREIRA | AD12: CABRERA | AE12: LA UNIÓN | AF12: CHAPARRAL | AG12: CALIMA
A13: CAUCA | C13: TARAPACÁ | D13: APARTADÓ | F13: PIOJÓ | G13: LOS MÁRTIRES | H13: CLEMENCIA | I13: BUSBANZÁ | J13: MARMATO | K13: PUERTO RICO | L13: RECETOR | M13: FLORENCIA | N13: GAMARRA | O13: CONDOTO | P13: LOS CÓRDOBAS | Q13: CACHIPAY | T13: GIGANTE | U13: RIOHACHA | V13: FUNDACIÓN | W13: GRANADA | X13: CONTADERO | Y13: CUCUTILLA | Z13: SIBUNDOY | AA13: QUIMBAYA | AB13: PUEBLO RICO | AD13: CALIFORNIA | AE13: LOS PALMITOS | AF13: COELLO | AG13: CANDELARIA
A14: CESAR | D14: ARBOLETES | F14: POLONUEVO | G14: PUENTE ARANDA | H14: CÓRDOBA | I14: CALDAS | J14: MARQUETALIA | K14: SAN JOSÉ DEL FRAGUA | L14: SABANALARGA | M14: GUACHENÉ | N14: GONZÁLEZ | O14: EL CANTÓN DEL SAN PABLO | P14: MOMIL | Q14: CAJICÁ | T14: GUADALUPE | U14: SAN JUAN DEL CESAR | V14: GUAMAL | W14: GUAMAL | X14: CÓRDOBA | Y14: DURANIA | Z14: VALLE DEL GUAMUEZ | AA14: SALENTO | AB14: QUINCHÍA | AD14: CAPITANEJO | AE14: MAJAGUAL | AF14: COYAIMA | AG14: CARTAGO
A15: CHOCÓ | D15: ARGELIA | F15: PONEDERA | G15: RAFAEL URIBE URIBE | H15: EL CARMEN DE BOLÍVAR | I15: CAMPOHERMOSO | J15: MARULANDA | K15: SAN VICENTE DEL CAGUÁN | L15: SÁCAMA | M15: GUAPÍ | N15: LA GLORIA | O15: EL CARMEN DE ATRATO | P15: MONTELÍBANO | Q15: CAPARRAPÍ | T15: HOBO | U15: URIBIA | V15: NUEVA GRANADA | W15: LA MACARENA | X15: CUASPÚD | Y15: EL CARMEN | Z15: VILLAGARZÓN | AB15: SANTA ROSA DE CABAL | AD15: CARCASÍ | AE15: MORROA | AF15: CUNDAY | AG15: DAGUA
A16: CÓRDOBA | D16: ARMENIA | F16: PUERTO COLOMBIA | G16: SAN CRISTÓBAL | H16: EL GUAMO | I16: CERINZA | J16: NEIRA | K16: SOLANO | L16: SAN LUIS DE PALENQUE | M16: INZÁ | N16: LA JAGUA DE IBIRICO | O16: EL LITORAL DEL SAN JUAN | P16: MONTERÍA | Q16: CÁQUEZA | T16: ÍQUIRA | U16: URUMITA | V16: PEDRAZA | W16: LEJANÍAS | X16: CUMBAL | Y16: EL TARRA | AB16: SANTUARIO | AD16: CEPITÁ | AE16: OVEJAS | AF16: DOLORES | AG16: EL ÁGUILA
A17: CUNDINAMARCA | D17: BARBOSA | F17: REPELÓN | G17: SANTA FE | H17: EL PEÑÓN | I17: CHINAVITA | J17: NORCASIA | K17: SOLITA | L17: TÁMARA | M17: JAMBALÓ | N17: LA PAZ | O17: ISTMINA | P17: MOÑITOS | Q17: CARMEN DE CARUPA | T17: ISNOS | U17: VILLANUEVA | V17: PIJIÑO DEL CARMEN | W17: MAPIRIPÁN | X17: CUMBITARA | Y17: EL ZULIA | AD17: CERRITO | AE17: PALMITO | AF17: ESPINAL | AG17: EL CAIRO
A18: GUAINÍA | D18: BELLO | F18: SABANAGRANDE | G18: SUBA | H18: HATILLO DE LOBA | I18: CHIQUINQUIRÁ | J18: PÁCORA | K18: VALPARAÍSO | L18: TAURAMENA | M18: LA SIERRA | N18: MANAURE BALCÓN DEL CESAR | O18: JURADÓ | P18: PLANETA RICA | Q18: CHAGUANÍ | T18: LA ARGENTINA | V18: PIVIJAY | W18: MESETAS | X18: EL CHARCO | Y18: GRAMALOTE | AD18: CHARALÁ | AE18: SAMPUÉS | AF18: FALAN | AG18: EL CERRITO
A19: GUAVIARE | D19: BELMIRA | F19: SABANALARGA | G19: SUMAPAZ | H19: MAGANGUÉ | I19: CHÍQUIZA | J19: PALESTINA | L19: TRINIDAD | M19: LA VEGA | N19: PAILITAS | O19: LLORÓ | P19: PUEBLO NUEVO | Q19: CHÍA | T19: LA PLATA | V19: PLATO | W19: PUERTO CONCORDIA | X19: EL PEÑOL | Y19: HACARÍ | AD19: CHARTA | AE19: SAN BENITO ABAD | AF19: FLANDES | AG19: EL DOVIO
A20: HUILA | D20: BETANIA | F20: SANTA LUCÍA | G20: TEUSAQUILLO | H20: MAHATES | I20: CHISCAS | J20: PENSILVANIA | L20: VILLANUEVA | M20: LÓPEZ DE MICAY | N20: PELAYA | O20: MEDIO ATRATO | P20: PUERTO ESCONDIDO | Q20: CHIPAQUE | T20: NÁTAGA | V20: PUEBLOVIEJO | W20: PUERTO GAITÁN | X20: EL ROSARIO | Y20: HERRÁN | AD20: CHIMA | AE20: SAN JUAN DE BETULIA | AF20: FRESNO | AG20: FLORIDA
A21: LA_GUAJIRA | D21: BETULIA | F21: SANTO TOMÁS | G21: TUNJUELITO | H21: MARGARITA | I21: CHITA | J21: RIOSUCIO | L21: YOPAL | M21: MERCADERES | N21: PUEBLO BELLO | O21: MEDIO BAUDÓ | P21: PUERTO LIBERTADOR | Q21: CHOACHÍ | T21: NEIVA | V21: REMOLINO | W21: PUERTO LLERAS | X21: EL TABLÓN DE GÓMEZ | Y21: LA ESPERANZA | AD21: CHIPATÁ | AE21: SAN LUIS DE SINCÉ | AF21: GUAMO | AG21: GINEBRA
A22: MAGDALENA | D22: BRICEÑO | F22: SOLEDAD | G22: USAQUÉN | H22: MARÍA LA BAJA | I22: CHITARAQUE | J22: RISARALDA | M22: MIRANDA | N22: RÍO DE ORO | O22: MEDIO SAN JUAN | P22: PURÍSIMA DE LA CONCEPCIÓN | Q22: CHOCONTÁ | T22: OPORAPA | V22: SABANAS DE SAN ÁNGEL | W22: PUERTO LÓPEZ | X22: EL TAMBO | Y22: LA PLAYA | AD22: CIMITARRA | AE22: SAN MARCOS | AF22: HERVEO | AG22: GUACARÍ
A23: META | D23: BURITICÁ | F23: SUAN | G23: USME | H23: MOMPÓS | I23: CHIVATÁ | J23: SALAMINA | M23: MORALES | N23: SAN ALBERTO | O23: NÓVITA | P23: SAHAGÚN | Q23: COGUA | T23: PAICOL | V23: SALAMINA | W23: PUERTO RICO | X23: FRANCISCO PIZARRO | Y23: LABATECA | AD23: CONCEPCIÓN | AE23: SAN ONOFRE | AF23: HONDA | AG23: GUADALAJARA DE BUGA
A24: NARIÑO | D24: CÁCERES | F24: TUBARÁ | H24: MONTECRISTO | I24: CHIVOR | J24: SAMANÁ | M24: PADILLA | N24: SAN DIEGO | O24: NUQUÍ | P24: SAN ANDRÉS DE SOTAVENTO | Q24: COTA | T24: PALERMO | V24: SAN SEBASTIÁN DE BUENAVISTA | W24: RESTREPO | X24: FUNES | Y24: LOS PATIOS | AD24: CONFINES | AE24: SAN PEDRO | AF24: IBAGUÉ | AG24: JAMUNDÍ
A25: NORTE_DE_SANTANDER | D25: CAICEDO | F25: USIACURÍ | H25: MORALES | I25: CIÉNEGA | J25: SAN JOSÉ | M25: PÁEZ | N25: SAN MARTÍN | O25: QUIBDÓ | P25: SAN ANTERO | Q25: CUCUNUBÁ | T25: PALESTINA | V25: SAN ZENÓN | W25: SAN CARLOS DE GUAROA | X25: GUACHUCAL | Y25: LOURDES | AD25: CONTRATACIÓN | AE25: SANTIAGO DE TOLÚ | AF25: ICONONZO | AG25: LA CUMBRE
A26: PUTUMAYO | D26: CALDAS | H26: NOROSÍ | I26: CÓMBITA | J26: SUPÍA | M26: PATÍA | N26: TAMALAMEQUE | O26: RÍO IRÓ | P26: SAN BERNARDO DEL VIENTO | Q26: EL COLEGIO | T26: PITAL | V26: SANTA ANA | W26: SAN JUAN DE ARAMA | X26: GUAITARILLA | Y26: MUTISCUA | AD26: COROMORO | AE26: SINCELEJO | AF26: LÉRIDA | AG26: LA UNIÓN
A27: QUINDÍO | D27: CAMPAMENTO | H27: PINILLOS | I27: COPER | J27: VICTORIA | M27: PIAMONTE | N27: VALLEDUPAR | O27: RÍO QUITO | P27: SAN CARLOS | Q27: EL PEÑÓN | T27: PITALITO | V27: SANTA BÁRBARA DE PINTO | W27: SAN JUANITO | X27: GUALMATÁN | Y27: OCAÑA | AD27: CURITÍ | AE27: SUCRE | AF27: LÍBANO | AG27: LA VICTORIA
A28: RISARALDA | D28: CAÑASGORDAS | H28: REGIDOR | I28: CORRALES | J28: VILLAMARÍA | M28: PIENDAMÓ | O28: RIOSUCIO | P28: SAN JOSÉ DE URÉ | Q28: EL ROSAL | T28: RIVERA | V28: SANTA MARTA | W28: SAN MARTÍN | X28: ILES | Y28: PAMPLONA | AD28: EL CARMEN DE CHUCURÍ | AE28: TOLÚ VIEJO | AF28: MELGAR | AG28: OBANDO
A29: SAN_ANDRÉS_Y_PROVIDENCIA | D29: CARACOLÍ | H29: RÍO VIEJO | I29: COVARACHÍA | J29: VITERBO | M29: POPAYÁN | O29: SAN JOSÉ DEL PALMAR | P29: SAN PELAYO | Q29: FACATATIVÁ | T29: SALADOBLANCO | V29: SITIONUEVO | W29: URIBE | X29: IMUÉS | Y29: PAMPLONITA | AD29: EL GUACAMAYO | AF29: MURILLO | AG29: PALMIRA
A30: SANTANDER | D30: CARAMANTA | H30: SAN CRISTÓBAL | I30: CUBARÁ | M30: PUERTO TEJADA | O30: SIPÍ | P30: TIERRALTA | Q30: FÓMEQUE | T30: SAN AGUSTÍN | V30: TENERIFE | W30: VILLAVICENCIO | X30: IPIALES | Y30: PUERTO SANTANDER | AD30: EL PEÑÓN | AF30: NATAGAIMA | AG30: PRADERA
A31: SUCRE | D31: CAREPA | H31: SAN ESTANISLAO | I31: CUCAITA | M31: PURACÉ | O31: TADÓ | P31: TUCHÍN | Q31: FOSCA | T31: SANTA MARÍA | V31: ZAPAYÁN | W31: VISTAHERMOSA | X31: LA CRUZ | Y31: RAGONVALIA | AD31: EL PLAYÓN | AF31: ORTEGA | AG31: RESTREPO
A32: TOLIMA | D32: CAROLINA | H32: SAN FERNANDO | I32: CUÍTIVA | M32: ROSAS | O32: UNGUÍA | P32: VALENCIA | Q32: FUNZA | T32: SUAZA | V32: ZONA BANANERA | X32: LA FLORIDA | Y32: SALAZAR | AD32: ENCINO | AF32: PALOCABILDO | AG32: RIOFRÍO
A33: VALLE_DEL_CAUCA | D33: CAUCASIA | H33: SAN JACINTO | I33: DUITAMA | M33: SAN SEBASTIÁN | O33: UNIÓN PANAMERICANA | Q33: FÚQUENE | T33: TARQUI | X33: LA LLANADA | Y33: SAN CALIXTO | AD33: ENCISO | AF33: PIEDRAS | AG33: ROLDANILLO
A34: VAUPÉS | D34: CHIGORODÓ | H34: SAN JACINTO DEL CAUCA | I34: EL COCUY | M34: SANTA ROSA | Q34: FUSAGASUGÁ | T34: TELLO | X34: LA TOLA | Y34: SAN CAYETANO | AD34: FLORIÁN | AF34: PLANADAS | AG34: SAN PEDRO
A35: VICHADA | D35: CISNEROS | H35: SAN JUAN NEPOMUCENO | I35: EL ESPINO | M35: SANTANDER DE QUILICHAO | Q35: GACHALÁ | T35: TERUEL | X35: LA UNIÓN | Y35: SANTIAGO | AD35: FLORIDABLANCA | AF35: PRADO | AG35: SEVILLA
A36: NACIONAL | D36: CIUDAD BOLÍVAR | H36: SAN MARTÍN DE LOBA | I36: FIRAVITOBA | M36: SILVIA | Q36: GACHANCIPÁ | T36: TESALIA | X36: LEIVA | Y36: SARDINATA | AD36: GALÁN | AF36: PURIFICACIÓN | AG36: TORO
D37: COCORNÁ | H37: SAN PABLO | I37: FLORESTA | M37: SOTARA | Q37: GACHETÁ | T37: TIMANÁ | X37: LINARES | Y37: SILOS | AD37: GÁMBITA | AF37: RIOBLANCO | AG37: TRUJILLO
D38: CONCEPCIÓN | H38: SANTA CATALINA | I38: GACHANTIVÁ | M38: SUÁREZ | Q38: GAMA | T38: VILLAVIEJA | X38: LOS ANDES | Y38: TEORAMA | AD38: GIRÓN | AF38: RONCESVALLES | AG38: TULUÁ
D39: CONCORDIA | H39: SANTA ROSA | I39: GÁMEZA | M39: SUCRE | Q39: GIRARDOT | T39: YAGUARÁ | X39: MAGÜÍ | Y39: TIBÚ | AD39: GUACA | AF39: ROVIRA | AG39: ULLOA
D40: COPACABANA | H40: SANTA ROSA DEL SUR | I40: GARAGOA | M40: TIMBÍO | Q40: GRANADA | X40: MALLAMA | Y40: TOLEDO | AD40: GUADALUPE | AF40: SALDAÑA | AG40: VERSALLES
D41: DABEIBA | H41: SIMITÍ | I41: GUACAMAYAS | M41: TIMBIQUÍ | Q41: GUACHETÁ | X41: MOSQUERA | Y41: VILLA CARO | AD41: GUAPOTÁ | AF41: SAN ANTONIO | AG41: VIJES
D42: DONMATÍAS | H42: SOPLAVIENTO | I42: GUATEQUE | M42: TORIBÍO | Q42: GUADUAS | X42: NARIÑO | Y42: VILLA DEL ROSARIO | AD42: GUAVATÁ | AF42: SAN LUIS | AG42: YOTOCO
D43: EBÉJICO | H43: TALAIGUA NUEVO | I43: GUAYATÁ | M43: TOTORÓ | Q43: GUASCA | X43: OLAYA HERRERA | AD43: GÜEPSA | AF43: SAN SEBASTIÁN DE MARIQUITA | AG43: YUMBO
D44: EL BAGRE | H44: TIQUISIO | I44: GÜICÁN | M44: VILLA RICA | Q44: GUATAQUÍ | X44: OSPINA | AD44: HATO | AF44: SANTA ISABEL | AG44: ZARZAL
D45: EL CARMEN DE VIBORAL | H45: TURBACO | I45: IZA | Q45: GUATAVITA | X45: PASTO | AD45: JESÚS MARÍA | AF45: SUÁREZ
D46: EL SANTUARIO | H46: TURBANÁ | I46: JENESANO | Q46: GUAYABAL DE SÍQUIMA | X46: POLICARPA | AD46: JORDÁN | AF46: VALLE DE SAN JUAN
D47: ENTRERRÍOS | H47: VILLANUEVA | I47: JERICÓ | Q47: GUAYABETAL | X47: POTOSÍ | AD47: LA BELLEZA | AF47: VENADILLO
D48: ENVIGADO | H48: ZAMBRANO | I48: LA CAPILLA | Q48: GUTIÉRREZ | X48: PROVIDENCIA | AD48: LA PAZ | AF48: VILLAHERMOSA
D49: FREDONIA | I49: LA UVITA | Q49: JERUSALÉN | X49: PUERRES | AD49: LANDÁZURI | AF49: VILLARRICA
D50: FRONTINO | I50: LA VICTORIA | Q50: JUNÍN | X50: PUPIALES | AD50: LEBRIJA
D51: GIRALDO | I51: LABRANZAGRANDE | Q51: LA CALERA | X51: RICAURTE | AD51: LOS SANTOS
D52: GIRARDOTA | I52: MACANAL | Q52: LA MESA | X52: ROBERTO PAYÁN | AD52: MACARAVITA
D53: GÓMEZ PLATA | I53: MARIPÍ | Q53: LA PALMA | X53: SAMANIEGO | AD53: MÁLAGA
D54: GRANADA | I54: MIRAFLORES | Q54: LA PEÑA | X54: SAN ANDRÉS DE TUMACO | AD54: MATANZA
D55: GUADALUPE | I55: MONGUA | Q55: LA VEGA | X55: SAN BERNARDO | AD55: MOGOTES
D56: GUARNE | I56: MONGUÍ | Q56: LENGUAZAQUE | X56: SAN LORENZO | AD56: MOLAGAVITA
D57: GUATAPÉ | I57: MONIQUIRÁ | Q57: MACHETÁ | X57: SAN PABLO | AD57: OCAMONTE
D58: HELICONIA | I58: MOTAVITA | Q58: MADRID | X58: SAN PEDRO DE CARTAGO | AD58: OIBA
D59: HISPANIA | I59: MUZO | Q59: MANTA | X59: SANDONÁ | AD59: ONZAGA
D60: ITAGÜÍ | I60: NOBSA | Q60: MEDINA | X60: SANTA BÁRBARA | AD60: PALMAR
D61: ITUANGO | I61: NUEVO COLÓN | Q61: MOSQUERA | X61: SANTACRUZ | AD61: PALMAS DEL SOCORRO
... D66: LA PINTADA | I66: PAIPA | Q66: NOCAIMA | X66: YACUANQUER | AD66: PUERTO PARRA
D67: LA UNIÓN | I67: PAJARITO | Q67: PACHO | AD67: PUERTO WILCHES
D68: LIBORINA | I68: PANQUEBA | Q68: PAIME | AD68: RIONEGRO
D69: MACEO | I69: PAUNA | Q69: PANDI | AD69: SABANA DE TORRES
D70: MARINILLA | I70: PAYA | Q70: PARATEBUENO | AD70: SAN ANDRÉS
D71: MEDELLÍN | I71: PAZ DE RÍO | Q71: PASCA | AD71: SAN BENITO
D72: MONTEBELLO | I72: PESCA | Q72: PUERTO SALGAR | AD72: SAN GIL
D73: MURINDÓ | I73: PISBA | Q73: PULÍ | AD73: SAN JOAQUÍN
D74: MUTATÁ | I74: PUERTO BOYACÁ | Q74: QUEBRADANEGRA | AD74: SAN JOSÉ DE MIRANDA
D75: NARIÑO | I75: QUÍPAMA | Q75: QUETAME | AD75: SAN MIGUEL
D76: NECHÍ | I76: RAMIRIQUÍ | Q76: QUIPILE | AD76: SAN VICENTE DE CHUCURÍ
D77: NECOCLÍ | I77: RÁQUIRA | Q77: RICAURTE | AD77: SANTA BÁRBARA
D78: OLAYA | I78: RONDÓN | Q78: SAN ANTONIO DEL TEQUENDAMA | AD78: SANTA HELENA DEL OPÓN
... D89: SABANETA | I89: SANTA ROSA DE VITERBO | Q89: SOPÓ | AD89: ZAPATOCA
D90: SALGAR | I90: SANTA SOFÍA | Q90: SUBACHOQUE
D91: SAN ANDRÉS DE CUERQUÍA | I91: SANTANA | Q91: SUESCA
D92: SAN CARLOS | I92: SATIVANORTE | Q92: SUPATÁ
D93: SAN FRANCISCO | I93: SATIVASUR | Q93: SUSA
D94: SAN JERÓNIMO | I94: SIACHOQUE | Q94: SUTATAUSA
D95: SAN JOSÉ DE LA MONTAÑA | I95: SOATÁ | Q95: TABIO
D96: SAN JUAN DE URABÁ | I96: SOCHA | Q96: TAUSA
D97: SAN LUIS | I97: SOCOTÁ | Q97: TENA
D98: SAN PEDRO DE LOS MILAGROS | I98: SOGAMOSO | Q98: TENJO
D99: SAN PEDRO DE URABÁ | I99: SOMONDOCO | Q99: TIBACUY
D100: SAN RAFAEL | I100: SORA | Q100: TIBIRITA
D101: SAN ROQUE | I101: SORACÁ | Q101: TOCAIMA
... D118: VALDIVIA | I118: TURMEQUÉ | Q118: ZIPAQUIRÁ
D119: VALPARAÍSO | I119: TUTA
D120: VEGACHÍ | I120: TUTAZÁ
D121: VENECIA | I121: ÚMBITA
D122: VIGÍA DEL FUERTE | I122: VENTAQUEMADA
D123: YALÍ | I123: VILLA DE LEYVA
D124: YARUMAL | I124: VIRACACHÁ
D125: YOLOMBÓ | I125: ZETAQUIRA
D126: YONDÓ
D127: ZARAGOZA

Sheet EAS
A1: NIT | B1: EAS
A2: 800003529 | B2: ASOCIACIÓN DE PADRES DE FAMILIA DEL HOGAR INFANTIL EL PATOSO
A3: 800009090 | B3: FUNDACIÓN LAS GOLONDRINAS
A4: 800010537 | B4: ASOCIACIÓN DE PADRES DE FAMILIA Y VECINOS HOGAR INFANTIL SAN PEDRO CLAVER
A5: 800012645 | B5: DIOCESIS DE FLORENCIA
A6: 800013066 | B6: ASOCIACIÓN DE PADRES DE FAMILIA Y VECINOS DEL HOGAR INFANTIL SAN JOSE DEL FRAGUA
A7: 800013945 | B7: ASOCIACIÓN DE PADRES DE FAMILIA DE LOS NIÑOS USUARIOS DEL HOGAR INFANTIL SONRISITAS
A8: 800014727 | B8: ASOCIACIÓN DE PADRES DE FAMILIA DE LOS NIÑOS USUARIOS DEL HOGAR INFANTIL EL TIGRILLO
A9: 800016947 | B9: HOGAR INFANTIL EL ARADO
A10: 800019459 | B10: ASOCIACIÓN DE PADRES DE FAMILIA HOGAR INFANTIL LOS CARACOLES
A11: 800035550 | B11: ASOCIACIÓN DE PADRES USUARIOS, OTRAS MODALIDADES DE ATENCIÓN A PRIMERA INFANCIA Y MADRES COMUNITARIAS VIVIR EL FUTURO
A12: 800038563 | B12: ASOCIACIÓN DE PADRES USUARIOS, OTRAS MODALIDADES DE ATENCION A PRIMERA INFANCIA Y MADRES COMUNITARIAS EL FUTURO DEL NIÑO
A13: 800039840 | B13: ASOCIACIÓN DE USUARIOS DEL PROGRAMA HOGARES DE BIENESTAR "FUTURAS ESTRELLITAS"
... A1439: 890321783 | B1439: HOGAR INFANTIL MIS AÑOS DE FANTASIA
